 Dungeon Crawl Stone Soup version 0.25.1-2-g60ff931df9 (webtiles) character file.

Game seed: 9180619172898171427

16322139 Ijustatesigmund the Gargoyle Aeon (level 27, 159/159 HPs)
             Began as a Gargoyle Fighter on Aug 20, 2020.
             Was the Champion of Cheibriados.
             Escaped with the Orb
             ... and 15 runes on Sept 1, 2020!
             The game lasted 06:55:37 (96348 turns).

Ijustatesigmund the Gargoyle Aeon (GrFi)           Turns: 96348, Time: 06:55:38

Health: 159/159    AC: 59    Str: 37    XL:     27
Magic:  43/43      EV: 31    Int: 34    God:    Cheibriados [******]
Gold:   18519      SH: 29    Dex: 36    Spells: 30/59 levels left

rFire    + + +     SeeInvis +   O - +9 sacred scourge (holy)
rCold    + + +     Gourm    .   w - +0 tower shield of a treasure trove {rC+ Int+3 Slay+2}
rNeg     + + .     Faith    .   h - +8 fire dragon scales
rPois    ∞         Spirit   .   d - +2 hat {SInv}
rElec    +         Reflect  .   J - +2 cloak {rCorr}
rCorr    +         Harm     +   c - +2 pair of gloves {Str+3}
MR       ++...     Clarity  +   b - +1 pair of boots the Living Amoeba {Harm *Drain rC++ Slay+5} Stlth +++.......Rnd*Tele +
                                W - amulet of Tomorrow {Regen+ Str+3}
HPRegen  0.76/turn              F - ring of Tuafif {rPois rC++ Dex+4 Slay+4}
MPRegen  0.28/turn              v - ring of Jini {Fire rN+ Str-2 Int+4 Dex+2}

@: very slow
A: big wings, beak, thin metallic scales 1, blink, blurry vision 2, clarity,
clumsy 1, frail 2, negative energy resistance 1, screaming 1, electricity
resistance, teleportitis 1, weak 2, unbreathing, petrification resistance, no
potion heal 1, rot immunity, subdued magic 1, AC +20
0: Orb of Zot
}: 15/15 runes: decaying, slimy, silver, golden, iron, obsidian, icy, bone,
abyssal, demonic, glowing, magical, fiery, dark, gossamer
a: Fly, Blink, Bend Time, Temporal Distortion, Slouch, Step From Time, Renounce
Religion


You escaped.
You worshipped Cheibriados.
Cheibriados was exalted by your worship.
You were very full.

You visited 18 branches of the dungeon, and saw 89 of its levels.
You visited Pandemonium 1 time, and saw 24 of its levels.
You visited the Abyss 5 times.
You visited 2 ziggurats, and saw 19 of their levels (deepest: 12).
You also visited: Bailey and Ice Cave.

You collected 20456 gold pieces.
You spent 1937 gold pieces at shops.

Inventory:

Hand Weapons
 a - a +7 eveningstar of draining
 i - the +5 demon whip "Spellbinder" {antimagic, MR+}
   (You found it on level 3 of the Depths)

   It reduces the magical energy of the wielder, and disrupts the spells and
   magical abilities of those hit.
   Natural abilities and divine invocations are not affected.
   It affects your resistance to hostile enchantments.
 O - a +9 sacred scourge of holy wrath (weapon)
Missiles
 N - 6 silver javelins (quivered)
Armour
 b - the +1 pair of boots the Living Amoeba (worn) {Harm *Drain rC++ Slay+5}
   (You found it on level 1 of the Swamp)

   It affects your accuracy and damage with ranged weapons and melee attacks
   (+5).
   It greatly protects you from cold.
   It causes draining when unequipped.
   It increases damage dealt and taken.
 c - a +2 pair of gloves of strength (worn)
 d - a +2 hat of see invisible (worn)
 h - +8 fire dragon scales (worn)
 w - the +0 tower shield of a treasure trove (worn) {rC+ Int+3 Slay+2}
   (You found it in a bailey)

   It affects your intelligence (+3).
   It affects your accuracy and damage with ranged weapons and melee attacks
   (+2).
   It protects you from cold.
 J - a +2 cloak of preservation (worn)
 U - a +2 cloak of cold resistance
Jewellery
 e - the ring "Meihug" {*Drain MR+ AC+4 Str+4 Dex+2}
   (You found it on level 7 of the Iron City of Dis)

   [ring of protection]

   It affects your AC (+4).
   It affects your strength (+4).
   It affects your dexterity (+2).
   It affects your resistance to hostile enchantments.
   It causes draining when unequipped.
 k - the ring "Itasmipo" {Ice *Slow +Fly rN+ Str+8}
   (You found it on level 10 of the Dungeon)

   [ring of ice]

   It enhances your ice magic.
   It affects your strength (+8).
   It makes you vulnerable to fire.
   It protects you from cold.
   It protects you from negative energy.
   It lets you fly.
   It may slow you when you take damage.
 p - an uncursed ring of see invisible
 r - an uncursed ring of protection from cold
 v - the ring of Jini (right hand) {Fire rN+ Str-2 Int+4 Dex+2}
   (You took it off an orc wizard on level 1 of the Elven Halls)

   [ring of fire]

   It enhances your fire magic.
   It affects your strength (-2).
   It affects your intelligence (+4).
   It affects your dexterity (+2).
   It protects you from fire.
   It makes you vulnerable to cold.
   It protects you from negative energy.
 y - the ring of Understanding {+Inv rC- MR++ EV+4 Str+8}
   (You took it off Antaeus on level 7 of Cocytus)

   [ring of evasion]

   It affects your evasion (+4).
   It affects your strength (+8).
   It makes you vulnerable to cold.
   It affects your resistance to hostile enchantments.
   It lets you turn invisible.
 B - the ring "Liggywich" {rN+ Dex-2 Slay+5 SInv Stlth+}
   (You found it on level 7 of Tartarus)

   [ring of stealth]

   It affects your dexterity (-2).
   It affects your accuracy and damage with ranged weapons and melee attacks
   (+5).
   It protects you from negative energy.
   It lets you see invisible.
   It makes you more stealthy.
 E - an uncursed ring of resist corrosion
 F - the ring of Tuafif (left hand) {rPois rC++ Dex+4 Slay+4}
   (You acquired it on level 5 of the Pits of Slime)

   [ring of slaying]

   It affects your dexterity (+4).
   It affects your accuracy and damage with ranged weapons and melee attacks
   (+4).
   It greatly protects you from cold.
   It protects you from poison.
 P - the ring of Immorality {rN+ Str+3 SInv}
   (You found it on level 3 of the Crypt)

   [ring of positive energy]

   It affects your strength (+3).
   It protects you from negative energy.
   It lets you see invisible.
 Q - the ring "Jeol Tamp" {rElec rPois rF+ Dex+3}
   (You found it on level 7 of Cocytus)

   [ring of poison resistance]

   It affects your dexterity (+3).
   It protects you from fire.
   It insulates you from electricity.
   It protects you from poison.
 S - the ring "Pusimapn" {*Slow rElec EV+4 Int+3}
   (You found it on level 7 of a ziggurat)

   [ring of evasion]

   It affects your evasion (+4).
   It affects your intelligence (+3).
   It insulates you from electricity.
   It may slow you when you take damage.
 V - the amulet "Neireola" {Reflect rC+ Str+3 Int-5 SH+5}
   (You found it on level 5 of the Pits of Slime)

   [amulet of reflection]

   It shields you and reflects attacks.
   It affects your strength (+3).
   It affects your intelligence (-5).
   It protects you from cold.
   It affects your SH (+5).
 W - the amulet of Tomorrow (around neck) {Regen+ Str+3}
   (You found it on level 3 of the Crypt)

   [amulet of regeneration]

   It affects your strength (+3).
   It increases your rate of regeneration.
 Z - the ring "Huerruf" {rN+ Dex+2}
   (You found it on level 3 of the Crypt)

   [ring of positive energy]

   It affects your dexterity (+2).
   It protects you from negative energy.
Wands
 q - a wand of flame (26)
 s - a wand of digging (34)
 K - a wand of iceblast (50)
 T - a wand of acid (52)
 Y - a wand of enslavement (12)
Scrolls
 g - 48 scrolls of remove curse
 t - 2 scrolls of summoning
 u - 15 scrolls of fear
 x - 6 scrolls of magic mapping
 z - a scroll of enchant weapon
 A - 4 scrolls of holy word
 C - a scroll of silence
 D - 9 scrolls of immolation
 I - 5 scrolls of fog
 R - 9 scrolls of blinking
 X - 21 scrolls of identify
Potions
 l - 12 potions of stabbing
 n - 22 potions of curing
 o - a potion of cancellation
 G - 10 potions of brilliance
 H - 5 potions of invisibility
 L - 7 potions of ambrosia
 M - 2 potions of might
Miscellaneous
 j - 5 phantom mirrors
Comestibles
 f - 104 rations


   Skills:
 O Level 27 Fighting
 - Level 19.4 Maces & Flails
 - Level 9.6 Throwing
 - Level 21.0 Armour
 - Level 16.3 Dodging
 + Level 26.6 Stealth
 - Level 23.2 Shields
 - Level 16.7 Spellcasting
 - Level 23.9 Conjurations
 - Level 6.1 Translocations
 - Level 24.0 Fire Magic
 - Level 13.3 Ice Magic
 - Level 11.4 Air Magic
 - Level 14.7 Earth Magic
 O Level 27 Invocations
 + Level 16.3 Evocations


You had 30 spell levels left.
You knew the following spells:

 Your Spells              Type           Power        Failure   Level  Hunger
a - Apportation           Tloc           ######       1%          1    None
b - Lesser Beckoning      Tloc           ######....   1%          3    None
c - Blink                 Tloc           N/A          1%          2    None
d - Freezing Cloud        Conj/Ice/Air   #######...   1%          6    None
e - Passwall              Tmut/Erth      ######..     1%          2    None
f - Fire Storm            Conj/Fire      ########..   11%         9    #######
g - Starburst             Conj/Fire      ########..   0%          6    None

Your spell library contained the following spells:

 Spells                   Type           Power        Failure   Level  Hunger
 Foxfire                  Conj/Fire      ####         0%          1    None
 Freeze                   Ice            ####         0%          1    None
 Magic Dart               Conj           ####         0%          1    None
 Sandblast                Erth           ######       0%          1    None
 Shock                    Conj/Air       ####         0%          1    None
 Searing Ray              Conj           ######       0%          2    None
 Conjure Flame            Conj/Fire      ########     0%          3    None
 Frozen Ramparts          Ice            ######       0%          3    None
 Static Discharge         Conj/Air       #######.     0%          3    None
 Stone Arrow              Conj/Erth      ######       0%          3    None
 Hailstorm                Conj/Ice       #######.     0%          4    None
 Sticky Flame             Conj/Fire      ########     0%          4    None
 Bolt of Magma            Conj/Fire/Erth ########..   0%          5    None
 Fireball                 Conj/Fire      ########..   0%          5    None
 Animate Skeleton         Necr           N/A          1%          1    None
 Beastly Appendage        Tmut           ###...       1%          1    None
 Corona                   Hex            ###....      1%          1    None
 Infusion                 Chrm           ###.         1%          1    None
 Pain                     Necr           ###.         1%          1    None
 Sting                    Tmut/Pois      ###.         1%          1    None
 Summon Butterflies       Summ           ###.....     1%          1    None
 Corpse Rot               Necr/Air       N/A          1%          2    None
 Ensorcelled Hibernation  Hex/Ice        ######       1%          2    None
 Poisonous Vapours        Pois/Air       ######       1%          2    None
 Shroud of Golubria       Chrm/Tloc      #####.       1%          2    None
 Swiftness                Chrm/Air       ######..     1%          2    None
 Dazzling Flash           Conj/Hex       ######       1%          3    None
 Gell's Gravitas          Tloc           ######....   1%          3    None
 Ignite Poison            Fire/Tmut/Pois #######.     1%          3    None
 Inner Flame              Hex/Fire       #######.     1%          3    None
 Mephitic Cloud           Conj/Pois/Air  ######..     1%          3    None
 Ozocubu's Armour         Chrm/Ice       ######..     1%          3    None
 Portal Projectile        Hex/Tloc       #####.       1%          3    None
 Recall                   Summ/Tloc      N/A          1%          3    None
 Teleport Other           Tloc           ######..     1%          3    None
 Airstrike                Air            ######....   1%          4    None
 Fulminant Prism          Conj/Hex       ######....   1%          4    None
 Ice Form                 Ice/Tmut       ######..     1%          4    None
 Iskenderun's Mystic Bla  Conj/Tloc      #######.     1%          4    None
 Leda's Liquefaction      Hex/Erth       ######....   1%          4    None
 Petrify                  Tmut/Erth      ######..     1%          4    None
 Summon Ice Beast         Ice/Summ       ######..     1%          4    None
 Summon Lightning Spire   Summ/Air       ######..     1%          4    None
 Irradiate                Conj/Tmut      ######....   1%          5    None
 Iskenderun's Battlesphe  Conj/Chrm      ######..     1%          5    None
 Lee's Rapid Deconstruct  Erth           #######...   1%          5    None
 Lightning Bolt           Conj/Air       #######...   1%          5    None
 Conjure Ball Lightning   Conj/Air       #######...   1%          6    None
 Iron Shot                Conj/Erth      #######...   1%          6    None
 Ozocubu's Refrigeration  Ice            #######...   1%          6    None
 Orb of Destruction       Conj           #######...   1%          7    ####...
 Ignition                 Fire           ########..   1%          8    #####..
 Call Imp                 Summ           ###.....     2%          2    None
 Slow                     Hex            ###.....     2%          2    None
 Sticks to Snakes         Tmut           ###.....     2%          2    None
 Borgnjor's Vile Clutch   Necr/Erth      ######....   2%          5    None
 Metabolic Englaciation   Hex/Ice        ######....   3%          5    None
 Lehudib's Crystal Spear  Conj/Erth      #######...   4%          8    #####..
 Silence                  Hex/Air        ######....   5%          5    None
 Call Canine Familiar     Summ           ###.....     6%          3    None
 Confusing Touch          Hex            ###.....     6%          3    None
 Spider Form              Tmut/Pois      ###.......   6%          3    None
 Tukima's Dance           Hex            ###.....     6%          3    None
 Vampiric Draining        Necr           ###.......   6%          3    None
 Chain Lightning          Conj/Air       #######...   10%         8    #####..
 Ring of Flames           Chrm/Fire      #######...   13%         7    ####...
 Spellforged Servitor     Conj/Summ      ######....   13%         7    ####...
 Summon Forest            Summ/Tloc      #####.....   17%         5    None
 Animate Dead             Necr           N/A          21%         4    None
 Cause Fear               Hex            ###.......   21%         4    None
 Dispel Undead            Necr           ###.....     21%         4    None
 Olgreb's Toxic Radiance  Pois           ###.....     21%         4    None
 Simulacrum               Ice/Necr       ######....   21%         6    None
 Dispersal                Tloc           ######....   26%         6    None
 Agony                    Necr           ###.....     52%         5    None
 Alistair's Intoxication  Tmut/Pois      ###.....     52%         5    None
 Blade Hands              Tmut           ###.......   52%         5    None
 Excruciating Wounds      Chrm/Necr      ###.......   52%         5    None
 Summon Mana Viper        Hex/Summ       ###.....     52%         5    None
 Yara's Violent Unravell  Hex/Tmut       ###.......   52%         5    None
 Darkness                 Hex            ###.......   98%         6    None
 Death Channel            Necr           ###.......   98%         6    None
 Eringya's Noxious Bog    Tmut/Pois      ###.......   98%         6    None
 Invisibility             Hex            ###.....     98%         6    None
 Shadow Creatures         Summ           N/A          98%         6    None
 Malign Gateway           Summ/Tloc      #####.....   99%         7    ####...
 Shatter                  Erth           #######...   99%         9    #######
 Haunt                    Necr/Summ      ###.......   100%        7    ####...
 Monstrous Menagerie      Summ           ###.......   100%        7    ####...
 Summon Greater Demon     Summ           ###.......   100%        7    ####...
 Summon Hydra             Summ           ###.......   100%        7    ####...
 Borgnjor's Revivificati  Necr           ###.......   100%        8    #####..
 Controlled Blink         Tloc           N/A          100%        8    #####..
 Death's Door             Chrm/Necr      ###.......   100%        8    #####..
 Discord                  Hex            ###.......   100%        8    #####..
 Disjunction              Tloc           ######....   100%        8    #####..
 Infestation              Necr           ###.......   100%        8    #####..
 Necromutation            Tmut/Necr      ###.......   100%        8    #####..
 Summon Horrible Things   Summ           ###.......   100%        8    #####..
 Absolute Zero            Ice            #######...   100%        9    #######
 Tornado                  Air            ######....   100%        9    #######
 Passage of Golubria      Tloc           Unusable     N/A         4    N/A
 Sublimation of Blood     Necr           Unusable     N/A         2    N/A
 Statue Form              Tmut/Erth      Unusable     N/A         6    N/A

Dungeon Overview and Level Annotations

Branches:
Dungeon (15/15)            Temple (1/1) D:5            Lair (6/6) D:9
  Swamp (4/4) Lair:4       Spider (4/4) Lair:4        Slime (5/5) Lair:5
    Orc (2/2) D:11            Elf (3/3) Orc:2        Vaults (5/5) D:14
  Crypt (3/3) Vaults:2       Tomb (3/3) Crypt:3      Depths (5/5) D:15
   Hell (visited)             Dis (7/7) Hell            Geh (7/7) Hell
    Coc (7/7) Hell            Tar (7/7) Hell            Zot (5/5) Depths:5
 Bailey (visited)           IceCv (visited)

Altars:
Ashenzari
Cheibriados
Dithmenos
Elyvilon
Fedhas
Gozag
Hepliaklqana
Kikubaaqudgha
Makhleb
Nemelex Xobeh
Okawaru
Qazlal
Ru
Sif Muna
Trog
Uskayaw
Vehumet
Wu Jian
Xom
Yredelemnul
Zin
The Shining One
Jiyva
Lugonu

Shops:
D:6 =*   D:7 !   D:9 (   Orc:2 [}:[   Elf:3 }   Vaults:3 [([   Depths:1 !*?

Portals:
Hell: Depths:1 Depths:2 Depths:3 Depths:4 Depths:5
Abyss: Depths:2 Depths:4
Pandemonium: Depths:3

Annotations:
D:6 2 transporters, sirjames's ghost, novice CeHu
Elf:2 1 runed translucent door
Zot:3 3 runed translucent doors, Ciapn's ghost, legendary GnFi


Innate Abilities, Weirdness & Mutations

You are resistant to torment.
Your stone body is resilient. (AC +20)
You are immune to poison.
Your large and strong wings let you fly indefinitely.
You resist negative energy. (rN+)
You are resistant to electric shocks. (rElec)
You can survive without breathing.
You are immune to petrification.
You are immune to rotting.
You have a beak for a mouth.
You are partially covered in thin metallic scales. (AC +2)
You can translocate small distances at will.
Scrolls take you longer to read.
You possess an exceptional clarity of mind.
You are clumsy. (Dex -2)
You are very frail. (-20% HP)
You occasionally shout uncontrollably at your foes.
You are occasionally teleported next to monsters.
You are very weak. (Str -4)
Potions are less effective at restoring your health.
Your spells are a little easier to cast, but a little less powerful.


Message History

Press: ? - help, Shift-Dir - straight line A rock wall.
This square is covered in magical glow.
The rock shatters into small pieces.
You devastate the fungus!!!
You destroy the fungus!
Evoke which item? (* to show all) (? for menu, Esc to quit)
Aiming: Dig
Press: ? - help, Shift-Dir - straight line A rock wall.
This square is covered in magical glow.
The rock shatters into small pieces.
There is a staircase leading out of the dungeon here.
You hit the fungus.
The fungus is lightly damaged.
You devastate the fungus!!!
You destroy the fungus!
There is a staircase leading out of the dungeon here.
There is a staircase leading out of the dungeon here.
You have escaped!

#..'...'.P.##
#..#...#..##
####.#.#.##
#.P#.#..P.# #
#..'...'..# #
#..#...#..# #
####...####
##
#.P....#..#
#.
#@.'...'..#
#.
#..#...#P.#
#.
###########
#> #.# #. #.#
#. #.# #. #.#
#. #.########
#. #........#
#.


There were no monsters in sight!

Vanquished Creatures
  Cerebov (Pan)
  Asmodeus (Geh:7)
  Antaeus (Coc:7)
  the Royal Jelly (Slime:5)
  the Serpent of Hell (Tar:7)
  Gloorx Vloq (Pan)
  Ereshkigal (Tar:7)
  Lom Lobon (Pan)
  Mnoleg (Pan)
  Dispater (Dis:7)
  4 ancient liches
  Mennas (Vaults:4)
  2 orbs of fire (Zot:5)
  A juggernaut (Depths:5)
  Mara (Swamp:3)
  6 greater mummies
  14 Killer Klowns
  The ghost of Toip the Gelid, a veteran GnIE of Okawaru (Depths:5)
  28 shard shrikes
  the Lernaean hydra (Swamp:4)
  Frederick (Crypt:3)
  3 caustic shrikes
  A curse toe (Zot:5)
  15 golden dragons
  Geryon (Hell)
  A pearl dragon (Pan)
  Arachne (Spider:2)
  5 electric golems
  A profane servitor (Abyss:3)
  9 doom hounds
  22 Brimstone Fiends
  7 iron giants
  33 Tzitzimimeh
  17 bone dragons
  14 tentacled monstrosities
  33 Ice Fiends
  A hellephant (Hell)
  16 Hell Sentinels
  27 Orb Guardians
  11 titans
  Rupert (D:12)
  11 liches
  Asterion (Spider:1)
  2 deep elf blademasters (Elf:3)
  10 pandemonium lords
  8 quicksilver dragons
  3 deep elf master archers
  The ghost of Quakomam the Blocker, an adept FoFi of Jiyva (Swamp:1)
  19 acid blobs
  12 sphinxes
  24 Executioners
  An eldritch tentacle (Pan)
  Gastronok (Lair:1)
  6 death cobs
  An acid blob (shapeshifter) (Vaults:5)
  19 ancient champions
  2 tentacled starspawn (Abyss:3)
  3 thorn hunters
  29 storm dragons
  8 revenants
  Donald (Spider:2)
  5 tengu reavers
  9 draconian monks
  31 shadow dragons
  4 daevas (Pan)
  18 fire giants
  16 azure jellies
  12 deep elf sorcerers
  8 draconian scorchers
  The ghost of Ijustatesigmund the Octopoid Aeon, an adept OpFi of Cheibriados (Swamp:1)
  9 iron dragons
  17 frost giants
  20 draconian knights
  11 ghost moths
  The ghost of Ykec Esm the Carver, a journeyman DrWn of Ashenzari (Swamp:1)
  Aizul (Swamp:2)
  3 orc warlords
  6 warmongers (Pan)
  5 corrupters (Pan)
  5 draconian stormcallers
  34 balrugs
  7 draconian shifters
  4 curse skulls
  12 vault wardens
  2 emperor scorpions (Spider:4)
  25 cacodemons
  5 deep elf elementalists (Elf:3)
  9 ghouls
  31 war gargoyles
  An angel (Pan)
  47 very ugly things
  12 draconian annihilators
  6 spriggan defenders
  9 blood saints
  82 reapers
  2 elemental wellsprings
  14 ironheart preservers
  A juggernaut skeleton (Crypt:2)
  An ophan (Pan)
  10 green draconians
  10 apis (Pan)
  24 stone giants
  4 bennus
  A caustic shrike skeleton (Crypt:2)
  21 lorocyprocas
  11 deep elf demonologists
  22 white draconians
  9 vampire knights
  7 black suns
  14 deep elf annihilators
  17 yellow draconians
  14 purple draconians
  9 entropy weavers
  A dire elephant (shapeshifter) (Zig:6)
  25 black draconians
  13 red draconians
  6 spark wasps
  The ghost of Gigog the Basher, a journeyman MiHu of Okawaru (Lair:2)
  9 eidola
  17 green deaths
  The ghost of harness the Devastator, a journeyman TeCj of the Shining One (Lair:5)
  9 death oozes (Slime:5)
  A merfolk impaler (Depths:4)
  2 crystal guardians
  17 mummy priests
  11 quicksilver dragon zombies
  A spectral golden dragon (Crypt:3)
  14 deep elf death magi
  35 blizzard demons
  13 ettins
  A merfolk javelineer (Depths:4)
  15 fire dragons
  A kraken zombie (Hell)
  5 spectral quicksilver dragons (Crypt:3)
  17 jiangshi
  Erolcha (D:11)
  Fannar (D:10)
  4 deep elf high priests
  Josephine (Lair:6)
  30 yaktaur captains
  2 hydras (shapeshifter)
  14 great orbs of eyes
  4 hell beasts
  26 vault guards
  3 quicksilver dragon skeletons
  11 rakshasas
  22 hydras
  4 spriggan air magi
  8 ghost crabs
  Harold (D:7)
  3 naga warriors
  11 centaur warriors
  32 ice dragons
  8 death knights
  6 monstrous demonspawn (Pan)
  17 alligators
  5 death yaks (D:10)
  21 ogre magi
  A spectral frost giant (Crypt:3)
  A spectral stone giant (Crypt:3)
  A shambling mangrove (Swamp:3)
  A spectral fire giant (Crypt:3)
  10 deep troll shamans
  21 hell hogs
  74 two-headed ogres
  6 tengu warriors
  44 death scarabs
  15 thrashing horrors
  The ghost of Atelerd the Tainter, a journeyman OpVM of Sif Muna (Orc:2)
  9 deep troll earth magi
  29 dancing weapons
  An alligator (shapeshifter) (Depths:4)
  A spectral dire elephant (Crypt:3)
  14 vampire magi
  Urug (D:11)
  7 titan zombies
  A shock serpent (Zig:5)
  3 orc high priests
  63 sun demons
  25 deep elf knights
  10 spriggan berserkers
  7 storm dragon zombies
  6 titan skeletons
  32 hell knights
  16 iron golems (Dis:7)
  22 small abominations
  3 fire crabs
  9 golden dragon zombies
  176 skeletal warriors
  56 soul eaters
  9 wretched stars
  A fire crab (shapeshifter) (Depths:3)
  26 sixfirhies
  A spark wasp zombie (Crypt:1)
  16 iron trolls
  27 shadow wraiths
  A quicksilver dragon simulacrum (Coc:7)
  2 spatial maelstroms (Abyss:4)
  15 anaconda zombies
  3 ghost moth zombies
  3 spectral anacondas (Crypt:3)
  15 deep trolls
  A death drake (Tar:1)
  2 storm dragon skeletons
  27 flayed ghosts
  A spectral catoblepas (Crypt:3)
  A spectral ghost moth (Crypt:3)
  3 cherubim (Pan)
  30 shadow demons
  2 spectral hydras
  10 infernal demonspawn (Pan)
  17 unseen horrors
  12 gelid demonspawn (Pan)
  A naga ritualist (Zig:5)
  6 glowing orange brains
  17 wizards
  13 deep elf archers
  5 torturous demonspawn (Pan)
  3 spriggan druids
  14 ironbrand convokers
  4 anaconda skeletons
  2 spectral wolf spiders (Crypt:3)
  36 phantasmal warriors
  16 swamp dragons
  3 shadow dragon skeletons
  Pikel (D:7)
  15 necromancers
  7 golden dragon skeletons
  7 shadow dragon zombies
  An oklob plant (Lair:3)
  7 harpies (Vaults:4)
  8 orc sorcerers
  10 wolf spider zombies
  19 orc knights
  10 stone giant zombies
  11 frost giant zombies
  47 deep elf magi
  9 iron dragon zombies
  10 fire giant zombies
  68 ugly things
  28 wolf spiders
  33 orc warriors
  5 shining eyes
  2 salamanders (shapeshifter)
  A shining eye (shapeshifter) (Depths:3)
  4 iron dragon skeletons
  17 orb spiders
  5 stone giant skeletons
  A salamander (Zig:5)
  A faun (shapeshifter) (Zig:6)
  5 cyclopes
  An elephant (shapeshifter) (Depths:3)
  15 fire giant skeletons
  25 moths of wrath
  A spectral ettin (Crypt:3)
  2 moths of wrath (shapeshifter)
  3 frost giant skeletons
  3 worldbinders
  3 elephants (Lair:5)
  6 dire elephant zombies
  4 apocalypse crabs
  3 guardian serpents
  39 rust devils
  2 shock serpent zombies
  6 black mambas
  4 eyes of devastation
  4 ice statues
  A water nymph (shapeshifter) (Depths:3)
  17 vault sentinels
  30 orange demons
  2 naga magi (Zig:3)
  A torpor snail (Spider:3)
  9 molten gargoyles
  Maggie (D:7)
  64 smoke demons
  22 spiny frogs
  5 dire elephant skeletons
  A gargoyle (D:14)
  A green draconian zombie (Dis:7)
  4 human zombies
  6 emperor scorpion zombies
  31 hellions
  2 yaktaur zombies
  5 rime drakes
  A catoblepas zombie (Geh:4)
  3 shock serpent skeletons
  6 komodo dragons
  58 freezing wraiths
  2 komodo dragons (shapeshifter) (Depths:4)
  2 kobold demonologists (D:13)
  13 efreet
  An iron troll zombie (Crypt:2)
  A sea snake zombie (Crypt:1)
  A pale draconian zombie (Crypt:3)
  A spectral infernal demonspawn (Crypt:3)
  A white draconian zombie (Crypt:2)
  4 anaconda simulacra (IceCv)
  A redback zombie (D:13)
  59 tormentors
  A ghost moth simulacrum (Coc:2)
  32 hellwings (Pan)
  66 yaktaurs
  2 spriggan skeletons (D:15)
  A yellow draconian skeleton (Coc:6)
  22 demonic crawlers
  63 ice devils
  3 golden dragon simulacra
  40 guardian mummies
  41 red devils
  2 silent spectres
  A spectral harpy (Crypt:3)
  2 tengu conjurers
  A minotaur skeleton (Coc:2)
  A jumping spider (shapeshifter) (Vaults:2)
  33 jumping spiders
  2 catoblepas skeletons
  A queen bee (Spider:3)
  31 hydra zombies
  3 meliai (Spider:3)
  14 trolls
  9 harpy zombies
  A merfolk (D:10)
  8 ancient zymes
  A meliai (shapeshifter) (Elf:3)
  121 slime creatures
  A shadow dragon simulacrum (Coc:1)
  19 tyrant leeches
  14 polar bears
  A hornet (shapeshifter) (Vaults:5)
  7 harpy skeletons
  31 hornets
  A blink frog (shapeshifter) (Vaults:4)
  13 dream sheep
  3 wolf spider simulacra
  11 alligator zombies
  12 ettin zombies
  13 blink frogs
  5 fire dragon zombies
  A jumping spider zombie (Crypt:3)
  11 raiju
  3 human simulacra
  A fire giant simulacrum (Abyss:3)
  8 hydra skeletons
  A meliai zombie (D:15)
  A spectral black mamba (Lair:5)
  10 bog bodies
  105 flying skulls
  4 fire dragon skeletons
  5 ice dragon skeletons
  12 hippogriffs
  A stone giant simulacrum (Coc:2)
  2 air elementals
  2 black mamba zombies
  33 starcursed masses
  5 ice dragon zombies
  72 redbacks
  47 shadows
  49 yaks
  A tarantella (shapeshifter) (Depths:3)
  28 tarantellas
  A redback (shapeshifter) (Depths:2)
  3 alligator skeletons
  42 wraiths
  12 ettin skeletons
  4 wyverns
  23 water elementals
  28 ynoxinuls
  25 fire elementals
  16 humans
  13 ushabtiu
  A spriggan (shapeshifter) (Vaults:2)
  A vampire (D:14)
  17 spriggans
  4 fire bats (Abyss:3)
  A fire bat (shapeshifter) (Depths:2)
  23 neqoxecs
  2 dire elephant simulacra (IceCv)
  4 steam dragons
  2 black mamba skeletons
  4 golden eyes
  A wind drake zombie (Crypt:2)
  10 vampire mosquitoes
  10 hungry ghosts
  A human (shapeshifter) (Vaults:5)
  17 wargs
  25 chaos spawn
  11 insubstantial wisps
  4 iron troll simulacra (IceCv)
  A spatial vortex (Abyss:4)
  A spectral spiny frog (Lair:5)
  16 swamp worms
  5 harpy simulacra
  A merfolk zombie (Dis:7)
  2 soldier ants (shapeshifter)
  3 hydra simulacra
  7 acid dragons
  2 deep troll zombies
  A naga (Abyss:3)
  102 hell hounds
  7 porcupines
  14 spiny frog zombies
  9 water moccasins
  4 floating eyes
  A floating eye (shapeshifter) (Vaults:3)
  14 black bears
  8 ice beasts
  2 hornet zombies
  A spectral spriggan (Crypt:3)
  16 swamp drakes
  6 snapping turtle zombies
  3 swamp dragon zombies
  A fire dragon simulacrum (Coc:1)
  3 sky beasts
  6 manticore zombies
  23 necrophages
  A sky beast (shapeshifter) (Vaults:4)
  52 large abominations
  8 boggarts
  13 eyes of draining
  A spiny frog skeleton (Coc:2)
  A black mamba simulacrum (Lair:5)
  An ice dragon simulacrum (Coc:7)
  14 phantoms
  2 swamp dragon skeletons
  A wolf (shapeshifter) (Depths:4)
  2 alligator simulacra
  58 ogres
  3 snapping turtle skeletons
  18 wolves (Lair:6)
  3 manticore skeletons
  23 centaurs
  An orc skeleton (Vaults:1)
  2 big kobolds (D:13)
  17 crocodiles
  6 elf zombies
  The ghost of harlaan the Caller, an amateur DESu (D:3)
  14 bullfrogs
  2 wyvern zombies
  7 spiny frog simulacra
  3 earth elementals
  9 scorpions
  3 elephant simulacra (IceCv)
  A troll zombie (Tar:7)
  A manticore simulacrum (Crypt:3)
  17 killer bees
  2 spriggan zombies
  116 wights
  3 electric eels
  A spectral centaur (Crypt:3)
  A troll skeleton (Pan)
  7 howler monkeys
  A bullfrog zombie (D:12)
  19 crimson imps
  4 centaur zombies
  A wolf skeleton (Crypt:3)
  4 draconian simulacra (IceCv)
  5 quasits
  7 hounds
  A komodo dragon simulacrum (Lair:5)
  5 jellies
  2 bullfrog skeletons
  5 centaur skeletons
  18 orc priests
  41 iron imps
  18 orc wizards
  2 iguanas (Lair:6)
  10 hell rats
  A basilisk skeleton (Crypt:1)
  A gnoll shaman (D:8)
  A human skeleton (Geh:7)
  5 troll simulacra (IceCv)
  14 worker ants
  A killer bee zombie (D:7)
  An ogre zombie (Dis:1)
  A tengu zombie (Crypt:1)
  2 centaur simulacra
  3 tengu skeletons
  A hound zombie (D:5)
  A crocodile skeleton (Crypt:2)
  2 hound skeletons
  46 mummies
  2 worker ant zombies
  An ogre simulacrum (IceCv)
  21 adders
  10 gnolls
  4 naga simulacra (IceCv)
  22 shadow imps
  30 white imps
  16 ufetubi
  3 oozes
  An adder skeleton (D:3)
  2 adder zombies
  9 worms
  2 ball lightnings (Pan)
  2 dart slugs
  4 leopard geckos
  131 orcs
  4 bats
  A bat zombie (Crypt:3)
  13 giant cockroaches
  7 goblins
  7 hobgoblins
  11 jackals
  4 quokkas
  2 ball pythons
  8 frilled lizards
  15 kobolds
  A kobold skeleton (Tomb:1)
  2 kobold zombies
  A leopard gecko skeleton (D:8)
  2 orc zombies
  12 rats
  3 briar patches (Swamp:2)
  5 bushes (Lair:3)
  2 crawling corpses
  3 fungi
  A lurking horror (Abyss:3)
  9 plants
  2 starspawn tentacles (Abyss:3)
  3 tentacles (Hell)
  A withered plant (D:15)
5996 creatures vanquished.

Vanquished Creatures (collateral kills)
  3 acid blobs (Slime:5)
  A reaper (Zig:11)
  A death scarab (Tomb:3)
  A guardian mummy (Tomb:3)
  2 slime creatures (Slime:5)
  A warg (Zig:8)
  3 orc warriors
12 creatures vanquished.

Vanquished Creatures (others)
  An elemental wellspring (Coc:7)
  A lorocyproca (Hell)
  A rakshasa (Pan)
  An ogre mage (Vaults:3)
  A sixfirhy (Pan)
  An orange crystal statue (Vaults:4)
  An orc knight (Bailey)
  2 redbacks (Spider:4)
  A tarantella (Spider:4)
  A fire elemental (Geh:7)
  A merfolk zombie (Geh:7)
  A swamp worm (Swamp:3)
  A swamp drake (Swamp:3)
  An orc warrior (Bailey)
  2 slaves (D:7)
  A boggart (Depths:2)
  A wight (Geh:1)
  2 howler monkeys (D:7)
  A crimson imp (D:7)
  An orc priest (Elf:1)
  A mummy (Zig:11)
  An adder (D:10)
  2 ball lightnings (Pan)
  2 briar patches
  A demonic plant (Pan)
  74 fire vortices
  6 fungi
  2 lurking horrors
  34 plants
  5 starspawn tentacles (Abyss:3)
  5 tentacles (Hell)
156 creatures vanquished.

Grand Total: 6164 creatures vanquished

Notes
Turn   | Place    | Note
-------+----------+-------------------------------------------
     0 | D:1      | Ijustatesigmund the Gargoyle Fighter began the quest for
                  | the Orb.
     0 | D:1      | Reached XP level 1. HP: 14/14 MP: 1/1
   148 | D:1      | Reached XP level 2. HP: 19/19 MP: 2/2
   506 | D:1      | Reached skill level 1 in Dodging
   506 | D:1      | Reached XP level 3. HP: 23/24 MP: 3/3
  1260 | D:2      | Reached XP level 4. HP: 16/29 MP: 4/4
  1739 | D:2      | Found a shimmering altar of Xom.
  2083 | D:2      | You fall into a shaft and drop 2 floors!
  2185 | D:4      | Reached XP level 5. HP: 31/34 MP: 5/5
  2289 | D:3      | Found a stormy altar of Qazlal.
  2835 | D:3      | Reached skill level 5 in Fighting
  2835 | D:3      | Reached XP level 6. HP: 40/40 MP: 6/6
  3334 | D:3      | Found a runed translucent gate.
  3335 | D:3      | Found a runed translucent gate.
  3335 | D:3      | Found a runed translucent gate.
  3341 | D:3      | Noticed harlaan's ghost (amateur DESu)
  3360 | D:3      | Killed harlaan's ghost
  3872 | D:4      | Reached XP level 7. HP: 45/45 MP: 7/7
  3974 | D:4      | You fall into a shaft and drop 1 floor!
  3974 | D:5      | Entered Level 5 of the Dungeon
  3991 | D:5      | Reached skill level 5 in Maces & Flails
  4213 | D:4      | Found a glowing golden altar of the Shining One.
  4532 | D:4      | Reached XP level 8. HP: 32/53 MP: 8/8
  5413 | D:5      | Found a hazy altar of Hepliaklqana.
  5482 | D:5      | Found a staircase to the Ecumenical Temple.
  5546 | D:5      | Got a distressingly furry leather armour
  5557 | D:5      | Identified the +3 leather armour of the Yeti {rCorr Str+7
                  | Int-5 SInv} (You found it on level 5 of the Dungeon)
  5611 | Temple   | Entered the Ecumenical Temple
  5969 | D:6      | Found a shadowy altar of Dithmenos.
  6049 | D:6      | Found an opulent altar of Gozag.
  6049 | D:6      | Found Gozag's Platinum Reserve.
  6109 | D:6      | Found Afaj's Jewellery Shop.
  6374 | D:6      | Noticed sirjames's ghost (novice CeHu)
  6376 | D:6      | Found a transporter.
  6464 | D:6      | Found a snail-covered altar of Cheibriados.
  6498 | D:6      | Became a worshipper of Cheibriados the Contemplative
  6960 | D:6      | Found a transporter.
  7032 | D:7      | Reached skill level 1 in Invocations
  7125 | D:7      | Found Zaozets's Distillery.
  7136 | D:7      | Bought a potion of heal wounds for 55 gold pieces
  7136 | D:7      | Bought a potion of heal wounds for 55 gold pieces
  7136 | D:7      | Bought a potion of curing for 33 gold pieces
  7136 | D:7      | Bought a potion of mutation for 88 gold pieces
  7136 | D:7      | Gained mutation: You have large cloven feet. [potion of
                  | mutation]
  7136 | D:7      | Gained mutation: You have a pair of small horns on your
                  | head. [potion of mutation]
  7185 | D:7      | Noticed Pikel
  7204 | D:7      | Killed Pikel
  7204 | D:7      | Reached XP level 9. HP: 37/60 MP: 8/11
  7352 | D:7      | Found a shattered altar of Ashenzari.
  7364 | D:7      | Found a basalt altar of Yredelemnul.
  7504 | D:7      | Found an ornate altar of the Wu Jian Council.
  7522 | D:7      | Noticed Harold
  7544 | D:7      | Noticed Maggie
  7549 | D:7      | Killed Harold
  7560 | D:7      | Killed Maggie
  7560 | D:7      | Reached skill level 10 in Fighting
  7560 | D:7      | Reached skill level 5 in Invocations
  7573 | D:7      | Reached XP level 10. HP: 63/68 MP: 12/14
  7645 | D:7      | Lost mutation: You have a pair of small horns on your head.
                  | [potion of mutation]
  7645 | D:7      | Lost mutation: You have large cloven feet. [potion of
                  | mutation]
  7645 | D:7      | Gained mutation: You are partially covered in iridescent
                  | scales. (AC +2) [potion of mutation]
  7645 | D:7      | Lost mutation: You are partially covered in iridescent
                  | scales. (AC +2) [potion of mutation]
  7645 | D:7      | Gained mutation: You have sharp toenails. [potion of
                  | mutation]
  7646 | D:7      | Lost mutation: You have sharp toenails. [potion of
                  | mutation]
  7646 | D:7      | Gained mutation: Your flesh is heat resistant. (rF+)
                  | [potion of mutation]
  7646 | D:7      | Gained mutation: You are resistant to hostile enchantments.
                  | (MR+) [potion of mutation]
  7700 | D:7      | Found a radiant altar of Vehumet.
  7883 | D:8      | Reached * piety under Cheibriados
  7927 | D:8      | Found a flagged portal.
  7956 | Bailey   | Entered a bailey
  8145 | Bailey   | Noticed an orc knight
  8348 | Bailey   | Noticed an orc knight
  8363 | Bailey   | Killed an orc knight
  8363 | Bailey   | Reached ** piety under Cheibriados
  8419 | Bailey   | Got a scorched tower shield
  8425 | Bailey   | Identified the cursed +0 tower shield of a treasure trove
                  | {rC+ Int+3 Slay+2} (You found it in a bailey)
  8916 | D:8      | Reached *** piety under Cheibriados
  9317 | D:9      | Found Wesm's Weapon Shoppe.
  9319 | D:9      | Noticed a two-headed ogre
  9331 | D:9      | Killed a two-headed ogre
  9377 | D:9      | Reached skill level 10 in Maces & Flails
  9501 | D:9      | Noticed a death yak
  9502 | D:9      | Noticed a death yak
  9502 | D:9      | Noticed a death yak
  9502 | D:9      | Noticed a death yak
  9509 | D:9      | Noticed a death yak
  9513 | D:10     | Entered Level 10 of the Dungeon
  9536 | D:10     | Killed a death yak
  9536 | D:10     | Reached XP level 11. HP: 49/74 MP: 12/16
  9550 | D:10     | Killed a death yak
  9550 | D:10     | Reached skill level 5 in Armour
  9550 | D:10     | Reached skill level 5 in Shields
  9703 | D:10     | Killed a death yak
  9907 | D:10     | Killed a death yak
  9998 | D:10     | Killed a death yak
 10138 | D:9      | Reached **** piety under Cheibriados
 10266 | D:9      | Found a staircase to the Lair.
 10294 | D:9      | Identified a scroll of acquirement
 10294 | D:9      | Acquired 1340 gold pieces
 10300 | D:9      | Reached XP level 12. HP: 80/80 MP: 18/18
 10370 | D:9      | Noticed a two-headed ogre
 10380 | D:9      | Killed a two-headed ogre
 10404 | D:9      | Found an ancient bone altar of Kikubaaqudgha.
 10405 | D:9      | Found a blossoming altar of Fedhas.
 10714 | D:10     | Got a smoking golden ring
 10734 | D:10     | Identified the ring "Itasmipo" {Ice *Slow +Fly rN+ Str+8}
                  | (You found it on level 10 of the Dungeon)
 10956 | D:10     | Reached ***** piety under Cheibriados
 11239 | D:10     | Noticed Fannar
 11278 | D:10     | Killed Fannar
 11416 | D:10     | Noticed a centaur warrior
 11791 | D:10     | Killed a centaur warrior
 12015 | D:11     | Reached XP level 13. HP: 68/86 MP: 19/19
 12161 | D:11     | Noticed Urug
 12182 | D:11     | Killed Urug
 12814 | D:11     | Noticed Erolcha
 12822 | D:11     | Killed Erolcha
 13371 | D:11     | Found a staircase to the Orcish Mines.
 13857 | D:12     | Reached skill level 5 in Dodging
 14131 | D:12     | Found a stormy altar of Qazlal.
 14170 | D:12     | Reached ****** piety under Cheibriados
 14535 | D:12     | Noticed Rupert
 14551 | D:12     | Killed Rupert
 14933 | D:13     | You fall into a shaft and drop 2 floors!
 14933 | D:15     | Entered Level 15 of the Dungeon
 14933 | D:15     | Found a staircase to the Depths.
 15162 | D:14     | Gained mutation: Your large and strong wings let you fly
                  | indefinitely. [Gargoyle growth]
 15162 | D:14     | Reached XP level 14. HP: 92/92 MP: 20/20
 15388 | D:14     | Found a gate to the Vaults.
 15521 | D:13     | Reached skill level 10 in Armour
 15521 | D:13     | Reached skill level 10 in Shields
 16277 | Orc:1    | Entered Level 1 of the Orcish Mines
 17135 | Orc:2    | Entered Level 2 of the Orcish Mines
 17231 | Orc:2    | Reached skill level 10 in Invocations
 17303 | Orc:2    | Found Saag's Armour Shoppe.
 17339 | Orc:2    | Reached XP level 15. HP: 70/98 MP: 22/22
 17347 | Orc:2    | Found Fuuthuiwk's Book Boutique.
 17362 | Orc:2    | Found Wouci's Gadget Emporium.
 17693 | Orc:2    | Found Durgheto's Antique Armour Emporium.
 17716 | Orc:2    | Found a staircase to the Elven Halls.
 17816 | Orc:2    | Bought a faintly humming plate armour for 616 gold pieces
 17823 | Orc:2    | Noticed Atelerd's ghost (journeyman OpVM)
 17842 | Orc:2    | Found a transporter.
 17896 | Orc:2    | Identified the +2 plate armour of Feasting {*Corrode rN+++
                  | Slay+3 Stlth-} (You bought it in a shop on level 2 of the
                  | Orcish Mines)
 17935 | Orc:2    | Found a transporter.
 17949 | Orc:2    | Killed Atelerd's ghost
 18521 | Lair:1   | Entered Level 1 of the Lair of Beasts
 18647 | Lair:1   | Noticed Gastronok
 18666 | Lair:1   | Killed Gastronok
 19712 | Lair:2   | Found a runed translucent gate.
 19713 | Lair:2   | Found a runed translucent gate.
 19714 | Lair:2   | Found a runed translucent gate.
 19786 | Lair:2   | You fall into a shaft and drop 1 floor!
 19786 | Lair:3   | Found a blossoming altar of Fedhas.
 20421 | Lair:2   | Noticed Gigog's ghost (journeyman MiHu)
 20448 | Lair:2   | Killed Gigog's ghost
 20602 | Lair:3   | Identified the Collected Works on Ice and Stolen Souls
 21324 | Lair:4   | Found a hole to the Spider Nest.
 21704 | Spider:1 | Entered Level 1 of the Spider Nest
 21708 | Spider:1 | Noticed Asterion
 21735 | Spider:1 | Killed Asterion
 21988 | Spider:1 | Reached XP level 16. HP: 105/105 MP: 24/24
 22359 | Spider:2 | Noticed Donald
 22378 | Spider:2 | Killed Donald
 22378 | Spider:2 | Reached skill level 1 in Evocations
 22588 | Spider:2 | Found a frozen archway.
 22597 | IceCv    | Entered an ice cave
 22712 | IceCv    | Got a fading mace
 22713 | IceCv    | Identified the +8 mace "Onoack" {protect, rF++ rC+ MR-
                  | MP+9} (You found it in an ice cave)
 23087 | IceCv    | Noticed an Ice Fiend
 23107 | IceCv    | Killed an Ice Fiend
 24049 | Spider:2 | Noticed Arachne
 24077 | Spider:2 | Killed Arachne
 24640 | Spider:3 | Identified the +5 chain mail of Jeampiceep {rF- rN++ MR++}
 25239 | Spider:4 | Entered Level 4 of the Spider Nest
 25352 | Spider:4 | Reached XP level 17. HP: 105/112 MP: 26/26
 25869 | Spider:4 | Reached skill level 15 in Fighting
 26860 | Spider:4 | Got a gossamer rune of Zot
 27663 | Lair:4   | Found a staircase to the Swamp.
 28012 | Lair:5   | Reached skill level 10 in Dodging
 28027 | Lair:5   | Reached skill level 1 in Throwing
 28034 | Lair:5   | Acquired a manual of Armour
 28203 | Lair:5   | Found a runed translucent gate.
 28204 | Lair:5   | Found a runed translucent gate.
 28205 | Lair:5   | Found a runed translucent gate.
 28205 | Lair:5   | Noticed harness's ghost (journeyman TeCj)
 28413 | Lair:5   | Killed harness's ghost
 28495 | Lair:5   | Found a viscous altar of Jiyva.
 28495 | Lair:5   | Found a staircase to the Slime Pits.
 28845 | Lair:6   | Entered Level 6 of the Lair of Beasts
 28908 | Lair:6   | Reached XP level 18. HP: 119/119 MP: 27/27
 29443 | Lair:6   | Reached skill level 15 in Armour
 29507 | Lair:6   | Noticed Josephine
 29521 | Lair:6   | Killed Josephine
 30114 | Lair:6   | Got a clouded iron ring
 30116 | Lair:6   | Identified the ring "Ziyhuann" {rElec SInv Stlth-} (You
                  | found it on level 6 of the Lair of Beasts)
 30294 | Swamp:1  | Entered Level 1 of the Swamp
 30380 | Swamp:1  | Found a runed translucent gate.
 30380 | Swamp:1  | Found a runed translucent gate.
 30380 | Swamp:1  | Found a runed translucent gate.
 30404 | Swamp:1  | Noticed Ijustatesigmund's ghost (adept OpFi)
 30404 | Swamp:1  | Noticed Ykec Esm's ghost (journeyman DrWn)
 30404 | Swamp:1  | Noticed Quakomam's ghost (adept FoFi)
 30424 | Swamp:1  | Killed Quakomam's ghost
 30698 | Swamp:1  | Killed Ykec Esm's ghost
 30780 | Swamp:1  | Killed Ijustatesigmund's ghost
 31207 | Swamp:1  | Got a pair of heavily runed boots
 31218 | Swamp:1  | Identified the +1 pair of boots the Living Amoeba {Harm
                  | *Drain rC++ Slay+5} (You found it on level 1 of the Swamp)
 31319 | Swamp:2  | Noticed Aizul
 31327 | Swamp:2  | Killed Aizul
 32157 | Swamp:3  | Reached XP level 19. HP: 125/125 MP: 28/28
 32311 | Swamp:3  | Reached skill level 15 in Maces & Flails
 32523 | Swamp:3  | Learned a level 1 spell: Apportation
 32600 | Swamp:3  | Noticed Mara
 32606 | Swamp:3  | Killed Mara
 32606 | Swamp:3  | Reached skill level 1 in Spellcasting
 32606 | Swamp:3  | Reached skill level 1 in Translocations
 32867 | Swamp:4  | Entered Level 4 of the Swamp
 33000 | Swamp:4  | Noticed the 27-headed Lernaean hydra
 33010 | Swamp:4  | Killed the 27-headed Lernaean hydra
 33511 | Swamp:4  | Got a decaying rune of Zot
 34023 | Elf:1    | Entered Level 1 of the Elven Halls
 34204 | Elf:1    | Reached skill level 5 in Spellcasting
 34204 | Elf:1    | Reached skill level 5 in Translocations
 34264 | Elf:1    | Identified the ring of Jini {Fire rN+ Str-2 Int+4 Dex+2}
 34306 | Elf:1    | Identified the +8 flail "Rerusmy" {venom, +Rage rC++ Int+4
                  | Dex-4}
 34315 | Elf:1    | Noticed an Ice Fiend
 34320 | Elf:1    | Noticed a Hell Sentinel
 34330 | Elf:1    | HP: 1/127 [Hell Sentinel/damnation[a deep elf demonologist]
                  | (44)]
 34535 | Elf:1    | Reached XP level 20. HP: 24/132 MP: 25/29
 34946 | Elf:1    | Gained mutation: Scrolls take you a little longer to read.
                  | [a cacodemon]
 35404 | Elf:1    | Found a runed translucent gate.
 35404 | Elf:1    | Found a runed translucent gate.
 35404 | Elf:1    | Found a runed translucent gate.
 35404 | Elf:1    | Found a runed translucent gate.
 35404 | Elf:1    | Found a runed translucent gate.
 35405 | Elf:1    | Found a runed translucent gate.
 35482 | Elf:1    | Learned a level 3 spell: Lesser Beckoning
 36004 | Elf:2    | Found a runed translucent door.
 36027 | Elf:2    | Found a runed translucent door.
 36293 | Elf:2    | Lost mutation: Scrolls take you a little longer to read.
                  | [potion of mutation]
 36293 | Elf:2    | Lost mutation: Your flesh is heat resistant. (rF+) [potion
                  | of mutation]
 36293 | Elf:2    | Lost mutation: You are resistant to hostile enchantments.
                  | (MR+) [potion of mutation]
 36293 | Elf:2    | Gained mutation: You are frail. (-10% HP) [potion of
                  | mutation]
 36293 | Elf:2    | Gained mutation: Your muscles are strong. (Str +2) [potion
                  | of mutation]
 36294 | Elf:2    | Lost mutation: You are frail. (-10% HP) [potion of
                  | mutation]
 36294 | Elf:2    | Gained mutation: Your flesh is cold resistant. (rC+)
                  | [potion of mutation]
 36294 | Elf:2    | Gained mutation: You evolve. [potion of mutation]
 36294 | Elf:2    | Gained mutation: You have a somewhat thin skeletal
                  | structure. (Dex +2, Stealth) [potion of mutation]
 36294 | Elf:2    | Gained mutation: Your spells are a little harder to cast,
                  | but a little more powerful. [potion of mutation]
 36463 | Elf:3    | Entered Level 3 of the Elven Halls
 36644 | Elf:3    | Identified the +2 pair of boots of the Moon {rElec rPois
                  | Str-4 Dex+7} (You found it on level 3 of the Elven Halls)
 36695 | Elf:3    | Acquired 1190 gold pieces
 36772 | Elf:3    | Reached XP level 21. HP: 137/140 MP: 32/32
 36800 | Elf:3    | Reached skill level 15 in Invocations
 36923 | Elf:3    | Identified the Guide on the Assistive Rocks
 36927 | Elf:3    | Identified the Handbook of Quantum Air
 36985 | Elf:3    | Identified the +2 scimitar "Zall" {flame, rPois}
 37051 | Elf:3    | Found Epin's Gadget Shop.
 37808 | Vaults:1 | Entered Level 1 of the Vaults
 38526 | Vaults:1 | Gained mutation: You occasionally shout uncontrollably at
                  | your foes. [mutagenic glow]
 38548 | Vaults:1 | Gained mutation: Your body sometimes deteriorates upon
                  | taking damage. [mutagenic glow]
 39256 | Vaults:2 | Lost mutation: Your flesh is cold resistant. (rC+) [potion
                  | of mutation]
 39256 | Vaults:2 | Lost mutation: Your spells are a little harder to cast, but
                  | a little more powerful. [potion of mutation]
 39256 | Vaults:2 | Lost mutation: Your muscles are strong. (Str +2) [potion of
                  | mutation]
 39256 | Vaults:2 | Gained mutation: You have a beak for a mouth. [potion of
                  | mutation]
 39256 | Vaults:2 | Gained mutation: Your muscles are strong. (Str +2) [potion
                  | of mutation]
 39257 | Vaults:2 | Lost mutation: Your muscles are strong. (Str +2) [potion of
                  | mutation]
 39257 | Vaults:2 | Lost mutation: You have a somewhat thin skeletal structure.
                  | (Dex +2, Stealth) [potion of mutation]
 39257 | Vaults:2 | Lost mutation: Your body sometimes deteriorates upon taking
                  | damage. [potion of mutation]
 39257 | Vaults:2 | Gained mutation: You tend to lose your temper in combat.
                  | [potion of mutation]
 39257 | Vaults:2 | Gained mutation: You have supernaturally acute eyesight.
                  | (SInv) [potion of mutation]
 39257 | Vaults:2 | Gained mutation: You expend magic power (3 MP) to
                  | strengthen your wands. [potion of mutation]
 39257 | Vaults:2 | Gained mutation: You are surrounded by a mild repulsion
                  | field. (EV +2) [potion of mutation]
 39258 | Vaults:2 | Lost mutation: You expend magic power (3 MP) to strengthen
                  | your wands. [potion of mutation]
 39258 | Vaults:2 | Lost mutation: You evolve. [potion of mutation]
 39258 | Vaults:2 | Gained mutation: You are resistant to hostile enchantments.
                  | (MR+) [potion of mutation]
 39259 | Vaults:2 | Lost mutation: You occasionally shout uncontrollably at
                  | your foes. [potion of mutation]
 39259 | Vaults:2 | Lost mutation: You are surrounded by a mild repulsion
                  | field. (EV +2) [potion of mutation]
 39259 | Vaults:2 | Lost mutation: You are resistant to hostile enchantments.
                  | (MR+) [potion of mutation]
 39259 | Vaults:2 | Lost mutation: You tend to lose your temper in combat.
                  | [potion of mutation]
 39259 | Vaults:2 | Gained mutation: You tend to lose your temper in combat.
                  | [potion of mutation]
 39259 | Vaults:2 | Gained mutation: You have a pair of small antennae on your
                  | head. [potion of mutation]
 39260 | Vaults:2 | Lost mutation: You have a pair of small antennae on your
                  | head. [potion of mutation]
 39260 | Vaults:2 | Gained mutation: You are frail. (-10% HP) [potion of
                  | mutation]
 39260 | Vaults:2 | Gained mutation: You are agile. (Dex +2) [potion of
                  | mutation]
 39261 | Vaults:2 | Lost mutation: You tend to lose your temper in combat.
                  | [potion of mutation]
 39261 | Vaults:2 | Lost mutation: You have supernaturally acute eyesight.
                  | (SInv) [potion of mutation]
 39261 | Vaults:2 | Lost mutation: You are frail. (-10% HP) [potion of
                  | mutation]
 39261 | Vaults:2 | Gained mutation: You can translocate small distances at
                  | will. [potion of mutation]
 39261 | Vaults:2 | Gained mutation: You have a pair of small horns on your
                  | head. [potion of mutation]
 39333 | Vaults:2 | Reached skill level 5 in Evocations
 39604 | Vaults:2 | Found a staircase to the Crypt.
 40284 | Vaults:3 | Found Poleoh's Armour Emporium.
 40335 | Vaults:3 | Reached XP level 22. HP: 146/148 MP: 34/34
 40411 | Vaults:3 | Found Xivvas's Weapon Shop.
 40452 | Vaults:3 | Found Estem's Armour Boutique.
 41059 | Vaults:3 | Paralysed by a floating eye for 4 turns
 42471 | Vaults:4 | Noticed Mennas
 42486 | Vaults:4 | Killed Mennas
 42766 | Vaults:4 | Reached XP level 23. HP: 155/155 MP: 35/35
 42772 | Vaults:4 | Reached skill level 15 in Shields
 43227 | Vaults:5 | Entered Level 5 of the Vaults
 43241 | Vaults:5 | Noticed a golden dragon
 43347 | Vaults:4 | Killed a golden dragon
 43597 | Vaults:5 | Noticed a golden dragon
 43624 | Vaults:5 | Killed a golden dragon
 43890 | Vaults:4 | Cast into level 3 of the Abyss (a deep elf demonologist)
 44216 | Abyss:3  | Gained mutation: Potions are less effective at restoring
                  | your health. [a neqoxec]
 44217 | Abyss:3  | Gained mutation: Your spells are much easier to cast, but
                  | much less powerful. [a neqoxec]
 44346 | Abyss:3  | Reached XP level 24. HP: 164/164 MP: 36/36
 44422 | Vaults:4 | Escaped the Abyss
 44445 | Vaults:5 | Noticed a juggernaut
 44454 | Vaults:5 | a juggernaut changed into an acid blob
 44461 | Vaults:5 | Identified the amulet of Umiaqodd {RegenMP MR+++ MP-9 Dex+3
                  | Stlth-}
 45230 | Vaults:5 | Got a silver rune of Zot
 45460 | Vaults:5 | Learned a level 2 spell: Blink
 45646 | Vaults:5 | Identified the cursed +0 ring mail of the Sun {+Fly rElec
                  | MR+} (You found it on level 5 of the Vaults)
 46717 | D:15     | Found an ancient bone altar of Kikubaaqudgha.
 46906 | Depths:1 | Entered Level 1 of the Depths
 47141 | Depths:1 | Reached skill level 5 in Throwing
 47221 | Depths:1 | Found a gateway to Hell.
 47281 | Depths:1 | Found Ycrisir's Distillery.
 47283 | Depths:1 | Found Xonebb's Assorted Antiques.
 47285 | Depths:1 | Found Ziten's Magic Scroll Shop.
 47289 | Depths:1 | Bought 2 potions of might for 168 gold pieces
 47289 | Depths:1 | Bought a potion of curing for 63 gold pieces
 47289 | Depths:1 | Bought a potion of heal wounds for 105 gold pieces
 47289 | Depths:1 | Bought a potion of curing for 63 gold pieces
 47289 | Depths:1 | Bought a potion of curing for 63 gold pieces
 47289 | Depths:1 | Bought a potion of might for 84 gold pieces
 47291 | Depths:1 | Bought a potion of resistance for 220 gold pieces
 47293 | Depths:1 | Bought a scroll of identify for 48 gold pieces
 47293 | Depths:1 | Bought a scroll of holy word for 180 gold pieces
 47293 | Depths:1 | Bought a scroll of identify for 48 gold pieces
 47293 | Depths:1 | Bought a scroll of identify for 48 gold pieces
 47320 | Depths:1 | Reached XP level 25. HP: 170/170 MP: 36/36
 48589 | Depths:2 | Found a one-way gate to the infinite horrors of the Abyss.
 48890 | Depths:2 | Acquired 1850 gold pieces
 48906 | Depths:2 | Lost mutation: Potions are less effective at restoring your
                  | health. [potion of mutation]
 48906 | Depths:2 | Lost mutation: Your spells are a little easier to cast, but
                  | a little less powerful. [potion of mutation]
 48906 | Depths:2 | Gained mutation: You possess an exceptional clarity of
                  | mind. [potion of mutation]
 48906 | Depths:2 | Gained mutation: Your flesh is cold resistant. (rC+)
                  | [potion of mutation]
 48906 | Depths:2 | Gained mutation: You passively map a small area around you.
                  | [potion of mutation]
 49084 | Depths:3 | Paralysed by a great orb of eyes for 2 turns
 49262 | Depths:3 | Found the +5 demon whip "Spellbinder" {antimagic, MR+}
 49759 | Depths:3 | Found a gateway to a ziggurat.
 49765 | Depths:3 | Found a one-way gate leading to the halls of Pandemonium.
 49768 | Depths:3 | Reached skill level 10 in Spellcasting
 50034 | Depths:3 | Identified the +2 pair of gloves of the Game of Kings
                  | {rElec Int+4} (You found it on level 3 of the Depths)
 50386 | Depths:3 | Reached XP level 26. HP: 171/176 MP: 37/37
 50745 | Depths:4 | Paralysed by a great orb of eyes for 5 turns
 51054 | Depths:4 | Found a corrupted altar of Lugonu.
 51085 | Hell     | Entered the Vestibule of Hell
 51085 | Hell     | Noticed Geryon
 51092 | Hell     | Killed Geryon
 51624 | Hell     | Found a gateway to the decaying netherworld of Tartarus.
 51752 | Hell     | Reached XP level 27. HP: 172/182 MP: 18/37
 51958 | Hell     | Found a gateway to the Iron City of Dis.
 52024 | Hell     | Found a gateway to the ashen valley of Gehenna.
 52087 | Hell     | Found a gateway to the freezing wastes of Cocytus.
 52437 | Depths:4 | Paralysed by a floating eye for 4 turns
 52726 | Depths:4 | Paralysed by a floating eye for 4 turns
 52740 | Depths:4 | Cast into level 3 of the Abyss (a lich)
 52740 | Abyss:3  | Found a corrupted altar of Lugonu.
 52969 | Abyss:3  | Gained mutation: You occasionally shout uncontrollably at
                  | your foes. [a neqoxec]
 53453 | Abyss:3  | Got an abyssal rune of Zot
 53457 | Depths:4 | Escaped the Abyss
 53660 | Depths:5 | Entered Level 5 of the Depths
 53668 | Depths:5 | Noticed a juggernaut
 53706 | Depths:5 | Killed a juggernaut
 53725 | Depths:4 | Reached skill level 10 in Evocations
 53888 | Depths:5 | Reached skill level 5 in Stealth
 53947 | Depths:5 | Paralysed by a vampire knight for 6 turns
 54297 | Depths:5 | Found a gate to the Realm of Zot.
 54411 | Depths:5 | Found a runed translucent door.
 54412 | Depths:5 | Noticed Toip's ghost (veteran GnIE)
 54428 | Depths:5 | Killed Toip's ghost
 54495 | Zig:1    | Entered Level 1 of a ziggurat
 54512 | Zig:2    | Entered Level 2 of a ziggurat
 54534 | Zig:3    | Entered Level 3 of a ziggurat
 54556 | Zig:4    | Entered Level 4 of a ziggurat
 54594 | Zig:5    | Entered Level 5 of a ziggurat
 54644 | Zig:6    | Entered Level 6 of a ziggurat
 54648 | Zig:6    | Noticed Vuzxoc the pandemonium lord
 54657 | Zig:6    | Killed Vuzxoc the pandemonium lord
 54700 | Zig:7    | Entered Level 7 of a ziggurat
 54706 | Zig:7    | Noticed Ryicoo the pandemonium lord
 54715 | Zig:7    | Gained mutation: You are weak. (Str -2) [a shining eye]
 54719 | Zig:7    | Paralysed by a floating eye for 3 turns
 54728 | Depths:3 | Reached skill level 10 in Stealth
 54886 | Depths:3 | Acquired 720 gold pieces
 55086 | Crypt:1  | Entered Level 1 of the Crypt
 55117 | Crypt:1  | Learned a level 6 spell: Freezing Cloud
 55204 | Crypt:1  | Reached skill level 1 in Conjurations
 55205 | Crypt:1  | Reached skill level 1 in Ice Magic
 55215 | Crypt:1  | Reached skill level 1 in Air Magic
 56175 | Crypt:2  | Reached skill level 5 in Conjurations
 56314 | Crypt:2  | Identified the +8 hand axe "Goblinbane" {vorpal, *Noise
                  | rElec Str+6}
 56605 | Crypt:3  | Entered Level 3 of the Crypt
 56631 | Crypt:3  | Reached skill level 5 in Ice Magic
 56751 | Crypt:3  | Found a staircase to the Tomb.
 56771 | Crypt:3  | Noticed Frederick
 56784 | Crypt:3  | Killed Frederick
 57162 | Crypt:3  | Reached skill level 5 in Air Magic
 57660 | Crypt:3  | Got a twitching brass amulet
 57663 | Crypt:3  | Identified the amulet of Tomorrow {Regen+ Str+3} (You found
                  | it on level 3 of the Crypt)
 57667 | Crypt:3  | Identified the ring of Immorality {rN+ Str+3 SInv} (You
                  | found it on level 3 of the Crypt)
 57671 | Crypt:3  | Identified the ring "Huerruf" {rN+ Dex+2} (You found it on
                  | level 3 of the Crypt)
 57860 | Crypt:3  | Identified the cursed +0 pair of boots of the Orb Guardian
                  | {rC++ Dex+2} (You found it on level 3 of the Crypt)
 57946 | Tomb:1   | Entered Level 1 of the Tomb of the Ancients
 58059 | Tomb:1   | Paralysed by a sphinx for 7 turns
 58070 | Tomb:1   | Paralysed by a sphinx for 2 turns
 58123 | Tomb:1   | Noticed a greater mummy
 58129 | Tomb:1   | Killed a greater mummy
 58810 | Tomb:2   | Noticed a greater mummy
 58814 | Tomb:2   | Noticed a greater mummy
 58816 | Tomb:2   | Noticed a greater mummy
 58825 | Tomb:2   | Killed a greater mummy
 58950 | Tomb:2   | Learned a level 2 spell: Passwall
 59008 | Tomb:2   | Noticed a greater mummy
 59012 | Tomb:2   | Killed a greater mummy
 59012 | Tomb:2   | Reached skill level 10 in Conjurations
 59014 | Tomb:2   | Killed a greater mummy
 59026 | Tomb:2   | Killed a greater mummy
 59452 | Tomb:2   | Reached skill level 10 in Ice Magic
 60856 | Zot:1    | Entered Level 1 of the Realm of Zot
 62274 | Zot:2    | Reached skill level 10 in Air Magic
 62772 | Geh:1    | Entered Level 1 of Gehenna
 63516 | Geh:4    | You fall into a shaft and drop 2 floors!
 63552 | Geh:7    | Entered Level 7 of Gehenna
 63931 | Geh:7    | Learned a level 9 spell: Fire Storm
 64213 | Geh:7    | Identified the amulet "Peqext" {Faith +Blink rElec Str+2
                  | Dex+3}
 64217 | Geh:7    | Reached skill level 5 in Earth Magic
 64498 | Geh:7    | Identified the +0 chain mail of Untruth {rCorr} (You found
                  | it on level 7 of Gehenna)
 64519 | Geh:7    | Identified the amulet of Sloth {Reflect rElec rPois Dex-5
                  | SH+5 Stlth+}
 64666 | Geh:7    | Reached skill level 10 in Earth Magic
 64710 | Geh:7    | Reached skill level 1 in Fire Magic
 64717 | Geh:7    | Identified the +7 sceptre of Asmodeus
 64717 | Geh:7    | Noticed Asmodeus
 64733 | Geh:7    | Killed Asmodeus
 64735 | Geh:7    | Reached skill level 5 in Fire Magic
 64750 | Geh:7    | Got an obsidian rune of Zot
 64872 | Coc:1    | Entered Level 1 of Cocytus
 64910 | Tar:1    | Entered Level 1 of Tartarus
 65296 | Tar:1    | Reached skill level 10 in Fire Magic
 66024 | Tar:7    | Entered Level 7 of Tartarus
 66749 | Tar:7    | Identified the ring "Liggywich" {rN+ Dex-2 Slay+5 SInv
                  | Stlth+} (You found it on level 7 of Tartarus)
 66824 | Tar:7    | Reached skill level 15 in Fire Magic
 66981 | Tar:7    | Noticed the Serpent of Hell
 66983 | Tar:7    | Noticed Ereshkigal
 66984 | Tar:7    | Noticed an ancient lich
 66986 | Tar:7    | Killed an ancient lich
 67022 | Tar:7    | Identified Qaaduil's Grimoire of Scorching Displacement
 67024 | Tar:7    | Identified the Grimoire of the Six Portals
 67393 | Tar:7    | Killed Ereshkigal
 67446 | Tar:7    | Killed the Serpent of Hell
 67607 | Tar:7    | Got a brightly glowing amethyst amulet
 67667 | Tar:7    | Got a bone rune of Zot
 67897 | Tar:7    | Reached skill level 15 in Stealth
 68031 | Dis:1    | Entered Level 1 of the Iron City of Dis
 70437 | Dis:7    | Entered Level 7 of the Iron City of Dis
 70767 | Dis:7    | Got a vibrating ivory ring
 70768 | Dis:7    | Identified the amulet of Qeuty {Inacc rF+ rC+ Dex-2} (You
                  | found it on level 7 of Tartarus)
 70770 | Dis:7    | Identified the ring "Meihug" {*Drain MR+ AC+4 Str+4 Dex+2}
                  | (You found it on level 7 of the Iron City of Dis)
 70999 | Dis:7    | Got a shimmering marble ring
 71000 | Dis:7    | Identified the ring "Vets" {rF+ Stlth-} (You found it on
                  | level 7 of the Iron City of Dis)
 71331 | Dis:7    | Lost mutation: You are agile. (Dex +2) [a cacodemon]
 71724 | Dis:7    | Reached skill level 15 in Dodging
 72255 | Dis:7    | Identified the +4 staff of Dispater
 72255 | Dis:7    | Noticed Dispater
 72269 | Dis:7    | Killed Dispater
 72443 | Dis:7    | Got an iron rune of Zot
 72446 | Dis:7    | Identified the +3 ring mail "Wemip" {Harm} (You found it on
                  | level 7 of the Iron City of Dis)
 72745 | Dis:7    | Got a heavily runed brass ring
 72746 | Dis:7    | Identified the cursed ring "Vuocidoa" {rPois Str-4 Dex+4}
                  | (You found it on level 7 of the Iron City of Dis)
 73676 | Coc:1    | Reached skill level 15 in Conjurations
 74862 | Coc:5    | You are sucked into a shaft and drop 1 floor!
 75296 | Coc:7    | Entered Level 7 of Cocytus
 75873 | Coc:7    | Learned a level 6 spell: Starburst
 76154 | Coc:7    | Identified the cursed +0 mace of the Skies Above {vorpal,
                  | *Drain Str+5 Dex+2} (You found it on level 7 of Cocytus)
 76485 | Coc:7    | Identified the ring of Understanding {+Inv rC- MR++ EV+4
                  | Str+8}
 76485 | Coc:7    | Noticed Antaeus
 76504 | Coc:7    | Killed Antaeus
 76535 | Coc:7    | Got an icy rune of Zot
 76537 | Coc:7    | Got an ancient steel amulet
 76538 | Coc:7    | Identified the amulet of Neurosis {Acrobat +Fly SInv} (You
                  | found it on level 7 of Cocytus)
 76542 | Coc:7    | Got a fine pewter ring
 76543 | Coc:7    | Identified the ring "Jeol Tamp" {rElec rPois rF+ Dex+3}
                  | (You found it on level 7 of Cocytus)
 76805 | Pan      | Entered Pandemonium
 76809 | Pan      | Gained mutation: Your spells are a little easier to cast,
                  | but a little less powerful. [a cacodemon]
 76977 | Pan      | Noticed Ipinotic the pandemonium lord
 76994 | Pan      | Killed Ipinotic the pandemonium lord
 77486 | Pan      | Got a demonic rune of Zot
 77581 | Pan      | Found a runed translucent door.
 77627 | Pan      | Noticed Goiff the pandemonium lord
 77631 | Pan      | Killed Goiff the pandemonium lord
 77825 | Pan      | Gained mutation: Your magical capacity is low. (-10% MP) [a
                  | cacodemon]
 77968 | Pan      | Found an exit through the horrors of the Abyss.
 78024 | Pan      | Noticed Mublin the pandemonium lord
 78034 | Pan      | Killed Mublin the pandemonium lord
 78368 | Pan      | Acquired 4 rations
 79404 | Pan      | Gained mutation: You are dopey. (Int -2) [a cacodemon]
 79440 | Pan      | Entered the realm of Cerebov.
 79501 | Pan      | Identified the +5 morningstar "Boumayko" {speed, *Drain rC+
                  | MR+ Stlth+} (You found it in Pandemonium)
 79573 | Pan      | Identified the +6 sword of Cerebov {flame}
 79573 | Pan      | Noticed Cerebov
 79613 | Pan      | Killed Cerebov
 79949 | Pan      | Identified a +0 pair of boots of running (You found it in
                  | Pandemonium)
 79975 | Pan      | Got a fiery rune of Zot
 80122 | Pan      | Noticed Muurite the pandemonium lord
 80126 | Pan      | Killed Muurite the pandemonium lord
 80418 | Pan      | Noticed Eruwnya the pandemonium lord
 80424 | Pan      | Killed Eruwnya the pandemonium lord
 81567 | Pan      | Entered the realm of Gloorx Vloq.
 81567 | Pan      | Noticed Gloorx Vloq
 81576 | Pan      | Killed Gloorx Vloq
 81702 | Pan      | Got a dark rune of Zot
 81836 | Pan      | Found an exit through the horrors of the Abyss.
 82416 | Pan      | Gained mutation: You are clumsy. (Dex -2) [a cacodemon]
 82612 | Pan      | Found an exit through the horrors of the Abyss.
 82736 | Pan      | Entered the realm of Lom Lobon.
 82738 | Pan      | Reached skill level 15 in Spellcasting
 82841 | Pan      | Cast into level 2 of the Abyss (a wizard)
 82850 | Pan      | Escaped the Abyss
 82881 | Pan      | Noticed Lom Lobon
 82891 | Pan      | Killed Lom Lobon
 82923 | Pan      | Got a magical rune of Zot
 83347 | Pan      | Found an exit through the horrors of the Abyss.
 83354 | Pan      | Noticed Ecunucka the pandemonium lord
 83367 | Pan      | Killed Ecunucka the pandemonium lord
 83485 | Pan      | Gained mutation: You are very weak. (Str -4) [a cacodemon]
 83495 | Pan      | Gained mutation: Your magical capacity is very low. (-20%
                  | MP) [a cacodemon]
 83500 | Pan      | Lost mutation: You passively map a small area around you.
                  | [a cacodemon]
 83527 | Pan      | Noticed Homa the pandemonium lord
 83528 | Pan      | Identified the +0 buckler of Eternal Night {Stlth+}
 83637 | Pan      | Noticed Uphuf the pandemonium lord
 83924 | Pan      | Found an exit through the horrors of the Abyss.
 83927 | Pan      | Entered the realm of Mnoleg.
 83973 | Pan      | Paralysed by a floating eye for 2 turns
 83976 | Pan      | Gained mutation: Your magical capacity is extremely low.
                  | (-30% MP) [a shining eye]
 84057 | Pan      | Gained mutation: Scrolls take you a little longer to read.
                  | [a cacodemon]
 84064 | Pan      | Lost mutation: Your magical capacity is extremely low.
                  | (-30% MP) [a neqoxec]
 84065 | Pan      | Lost mutation: Scrolls take you a little longer to read. [a
                  | cacodemon]
 84067 | Pan      | Gained mutation: You sometimes yell uncontrollably at your
                  | foes. [a cacodemon]
 84095 | Pan      | Gained mutation: You are very clumsy. (Dex -4) [a neqoxec]
 84101 | Pan      | Gained mutation: Your spells are easier to cast, but less
                  | powerful. [a shining eye]
 84186 | Pan      | Found an exit through the horrors of the Abyss.
 84223 | Pan      | Lost mutation: You have a pair of small horns on your head.
                  | [potion of mutation]
 84223 | Pan      | Lost mutation: You are dopey. (Int -2) [potion of mutation]
 84223 | Pan      | Lost mutation: Your magical capacity is very low. (-20% MP)
                  | [potion of mutation]
 84223 | Pan      | Gained mutation: You have sharp fingernails. [potion of
                  | mutation]
 84252 | Pan      | Gained mutation: You are dopey. (Int -2) [a neqoxec]
 84254 | Pan      | Gained mutation: Scrolls take you a little longer to read.
                  | [a neqoxec]
 84276 | Pan      | Lost mutation: You possess an exceptional clarity of mind.
                  | [a cacodemon]
 84432 | Pan      | Lost mutation: You sometimes yell uncontrollably at your
                  | foes. [a neqoxec]
 84442 | Pan      | Got a glowing rune of Zot
 84528 | Pan      | Noticed Mnoleg
 84550 | Pan      | Killed Mnoleg
 84791 | Pan      | Found an exit through the horrors of the Abyss.
 85118 | Pan      | Noticed Daufen the pandemonium lord
 85126 | Pan      | Killed Daufen the pandemonium lord
 85607 | Pan      | Found a white marble altar of Elyvilon.
 86178 | Pan      | Found a huge runed translucent gate.
 86179 | Pan      | Found a huge runed translucent gate.
 86180 | Pan      | Found a huge runed translucent gate.
 86180 | Pan      | Found a huge runed translucent gate.
 86180 | Pan      | Found a huge runed translucent gate.
 86186 | Pan      | Noticed Ymeimnah the pandemonium lord
 86200 | Pan      | Killed Ymeimnah the pandemonium lord
 86208 | Pan      | Gained mutation: Your body sometimes deteriorates upon
                  | taking damage. [a cacodemon]
 86279 | Pan      | Acquired 4 rations
 86497 | Pan      | Found an exit through the horrors of the Abyss.
 86506 | Pan      | Took an exit into the Abyss.
 86506 | Abyss:1  | Escaped into the Abyss
 86674 | Depths:3 | Escaped the Abyss
 86978 | Slime:1  | Entered Level 1 of the Pits of Slime
 87698 | Slime:5  | Entered Level 5 of the Pits of Slime
 87765 | Slime:5  | Noticed the Royal Jelly
 87779 | Slime:5  | Killed the Royal Jelly
 87999 | Slime:5  | Acquired the ring of Tuafif {rPois rC++ Dex+4 Slay+4}
 88023 | Slime:5  | Identified the +6 plate armour "Bus Yduk" {Str+3 Dex+3}
                  | (You found it on level 5 of the Pits of Slime)
 88030 | Slime:5  | Identified the Almanac of the Freezing Birds
 88034 | Slime:5  | Identified Myuplac's Tome of Feathery Stones
 88081 | Slime:5  | Got a slimy rune of Zot
 88112 | Slime:5  | Identified the amulet "Neireola" {Reflect rC+ Str+3 Int-5
                  | SH+5} (You found it on level 5 of the Pits of Slime)
 88194 | Slime:1  | Gained mutation: Your body often deteriorates upon taking
                  | damage. [a shining eye]
 88279 | Slime:1  | Gained mutation: Armour fits poorly on your strangely
                  | shaped body. [a shining eye]
 88474 | Slime:1  | Lost mutation: Your spells are easier to cast, but less
                  | powerful. [potion of mutation]
 88474 | Slime:1  | Lost mutation: Your body often deteriorates upon taking
                  | damage. [potion of mutation]
 88474 | Slime:1  | Lost mutation: You occasionally shout uncontrollably at
                  | your foes. [potion of mutation]
 88474 | Slime:1  | Lost mutation: Your magical capacity is low. (-10% MP)
                  | [potion of mutation]
 88474 | Slime:1  | Lost mutation: Armour fits poorly on your strangely shaped
                  | body. [potion of mutation]
 88474 | Slime:1  | Gained mutation: You possess an exceptional clarity of
                  | mind. [potion of mutation]
 89751 | Tomb:3   | Entered Level 3 of the Tomb of the Ancients
 89774 | Tomb:3   | Noticed a greater mummy
 89775 | Tomb:3   | Noticed a greater mummy
 89775 | Tomb:3   | Noticed a greater mummy
 89778 | Tomb:3   | Noticed a greater mummy
 89782 | Tomb:3   | Gained mutation: Scrolls take you longer to read.
                  | [mutagenic glow]
 89784 | Zig:1    | Entered Level 1 of a ziggurat
 89831 | Zig:1    | Gained mutation: You are frail. (-10% HP) [mutagenic glow]
 89991 | Zig:2    | Entered Level 2 of a ziggurat
 90024 | Zig:3    | Entered Level 3 of a ziggurat
 90027 | Zig:3    | Noticed Pege Sid the pandemonium lord
 90033 | Zig:3    | Killed Pege Sid the pandemonium lord
 90055 | Zig:4    | Entered Level 4 of a ziggurat
 90085 | Zig:4    | Lost mutation: You have sharp fingernails. [potion of
                  | mutation]
 90085 | Zig:4    | Lost mutation: Your body sometimes deteriorates upon taking
                  | damage. [potion of mutation]
 90085 | Zig:4    | Lost mutation: Your flesh is cold resistant. (rC+) [potion
                  | of mutation]
 90085 | Zig:4    | Lost mutation: You are very clumsy. (Dex -4) [potion of
                  | mutation]
 90085 | Zig:4    | Gained mutation: You occasionally shout uncontrollably at
                  | your foes. [potion of mutation]
 90085 | Zig:4    | Gained mutation: You are partially covered in thin metallic
                  | scales. (AC +2) [potion of mutation]
 90091 | Zig:5    | Entered Level 5 of a ziggurat
 90127 | Zig:6    | Entered Level 6 of a ziggurat
 90268 | Zig:7    | Entered Level 7 of a ziggurat
 90336 | Zig:7    | Got a bound bronze ring
 90339 | Zig:7    | Identified the ring "Pusimapn" {*Slow rElec EV+4 Int+3}
                  | (You found it on level 7 of a ziggurat)
 90343 | Zig:7    | Identified Otint's Tome of the Unstable Snowflakes
 90363 | Zig:8    | Entered Level 8 of a ziggurat
 90412 | Zig:9    | Entered Level 9 of a ziggurat
 90461 | Zig:10   | Entered Level 10 of a ziggurat
 90508 | Zig:10   | Identified the Handbook of Flying Confrontation
 90514 | Zig:11   | Entered Level 11 of a ziggurat
 90597 | Zig:11   | Identified the ring of Tomorrow {rN+ Int+2} (You found it
                  | on level 11 of a ziggurat)
 90606 | Zig:12   | Entered Level 12 of a ziggurat
 90619 | Zig:12   | Cast into level 4 of the Abyss (yellow draconian knight)
 90872 | Abyss:4  | Gained mutation: You are very frail. (-20% HP) [a neqoxec]
 91045 | Zig:12   | Escaped the Abyss
 91117 | Zig:12   | Identified the ring "Emikkunakh" {+Blink rElec rC++ AC+4
                  | Int-5} (You found it on level 12 of a ziggurat)
 91150 | Tomb:3   | Noticed a greater mummy
 91159 | Tomb:3   | Killed a greater mummy
 91160 | Tomb:3   | Noticed a greater mummy
 91161 | Tomb:3   | Noticed a greater mummy
 91161 | Tomb:3   | Noticed a greater mummy
 91165 | Tomb:3   | Got a golden rune of Zot
 91181 | Tomb:3   | Lost mutation: You are dopey. (Int -2) [mutagenic glow]
 91228 | Tomb:2   | Gained mutation: You are occasionally teleported next to
                  | monsters. [mutagenic glow]
 91366 | Tomb:1   | Noticed a greater mummy
 91366 | Tomb:1   | Noticed a greater mummy
 91366 | Tomb:1   | Noticed a greater mummy
 91366 | Tomb:1   | Noticed a greater mummy
 91367 | Tomb:1   | Noticed a greater mummy
 91369 | Tomb:1   | Noticed a greater mummy
 91370 | Tomb:1   | Noticed a greater mummy
 92159 | Zot:3    | Found a runed translucent gate.
 92159 | Zot:3    | Found a runed translucent gate.
 92159 | Zot:3    | Found a runed translucent gate.
 92160 | Zot:3    | Noticed Ciapn's ghost (legendary GnFi)
 92886 | Zot:4    | Reached skill level 27 in Invocations
 92938 | Zot:4    | Reached skill level 27 in Fighting
 94502 | Zot:5    | Entered Level 5 of the Realm of Zot
 94759 | Zot:5    | Noticed an orb of fire
 94764 | Zot:5    | Noticed an ancient lich
 94766 | Zot:5    | Gained mutation: You are extremely frail. (-30% HP) [an orb
                  | of fire]
 94767 | Zot:5    | Killed an orb of fire
 94773 | Zot:5    | Killed an ancient lich
 94789 | Zot:5    | Noticed an orb of fire
 94799 | Zot:5    | Lost mutation: You are extremely frail. (-30% HP) [an orb
                  | of fire]
 94801 | Zot:5    | Killed an orb of fire
 94819 | Zot:5    | Noticed an ancient lich
 94829 | Zot:5    | Killed an ancient lich
 94831 | Zot:5    | Noticed an ancient lich
 94838 | Zot:5    | Reached skill level 15 in Evocations
 94856 | Zot:5    | Killed an ancient lich
 95398 | Zot:5    | Identified the cursed +2 mace "Maeczaug" {flame, rPois rC+}
 95773 | Zot:5    | Got the Orb of Zot
 95779 | Zot:5    | Gained mutation: Potions are less effective at restoring
                  | your health. [a neqoxec]
 96348 | D:$      | Escaped with the Orb!

Illustrated notes

Levels and vault maps discovered:
D:1:      dpeg_arrival_prison, layout_loops_ring,
          hangedman_decor_clover_reticule
D:2:      minmay_skewed_foursquare, layout_basic,
          nicolae_overflow_crystal_walls, first_ration, minmay_close_crescents
D:3:      layout_loops_cross, gammafunk_ghost_necromancy,
          kennysheep_pointless_box, nicolae_qazlal_general_emergency
D:4:      layout_loops_cross, tso_metal_star
D:5:      layout_cave_pools, kennysheep_mini_moat, temple_hall
D:6:      layout_loops_corners, overflow_temple_1_default,
          kennysheep_slug_shrine, nicolae_gozag_zags_fifth_avenue,
          gammafunk_ghost_smash, serial_shops, shop
D:7:      layout_gridville, lemuel_round_altar, lemuel_crystal_altar,
          gammafunk_temple_overflow_statue, serial_shops, kennysheep_little_box,
          uniq_maggie, uniq_harold, uniq_pikel
D:8:      layout_basic, enter_bailey_2
D:9:      layout_rooms, grunt_temple_overflow_growth_and_decay,
          dpeg_lair_monsters, serial_shops, shop
D:10:     wad_guarded_room, layout_basic, hangedman_fish_farm, uniq_fannar
D:11:     layout_layer_cave, david_orc_4, uniq_urug, uniq_erolcha
D:12:     layout_basic, basic_altar, grunt_ministairs_12, uniq_rupert
D:13:     wad_woods_settlement, layout_basic, minivault_19
D:14:     layout_cave_pools, david_vaults_3
D:15:     gammafunk_depths_entry_grave, layout_rooms, basic_altar, minivault_11,
          dk_noncrumbling_3
Temple:   jpeg_temple_alley_garden
Lair:1:   layout_gridlike, st_stairs_9, lemuel_fruit_tree, uniq_gastronok
Lair:2:   layout_small_grid, ebering_ghost_rock_garden
Lair:3:   layout_regular_city, tgw_fedhas, serial_bayou_shore_b,
          infiniplex_staircase_pool
Lair:4:   layout_hall_layers, palyth_hydra_swamp_entry,
          nicolae_spider_entry_non_spiders, kilobyte_rumbling_trees
Lair:5:   layout_cave_pods, dpeg_slime_entry_enclosed_altar,
          gammafunk_ghost_necromancy, minivault_24, serial_bayou_shore_b,
          grunt_megastairs_4
Lair:6:   guppyfry_lair_end_dragon, layout_gridlike,
          hangedman_lair_caniforms_friends, uniq_josephine
Swamp:1:  layout_basic_swamp, gammafunk_ghost_cemetery, serial_swamp_ruin,
          evilmike_swamp_ruin_rubble_1, evilmike_swamp_ruin_house_1,
          evilmike_swamp_ruin_rubble_2
Swamp:2:  layout_falls_marsh, evilmike_swamp_ruin_house_4, swamp_pool1,
          grunt_witch_cave, uniq_aizul
Swamp:3:  layout_basic_swamp, hangedman_swamp_ruin_wall, uniq_mara
Swamp:4:  swamp_old_school, layout_basic_swamp, swamp_pool2
Spider:1: layout_spider_delve, uniq_asterion
Spider:2: layout_spider_delve, portal_ice_cave_entry_ugly_swarm, uniq_donald,
          uniq_arachne
Spider:3: layout_spider_delve, nicolae_looking_at_the_future
Spider:4: spider_rune_water
Slime:1:  layout_caves
Slime:2:  layout_caves
Slime:3:  layout_caves
Slime:4:  layout_caves
Slime:5
Orc:1:    layout_diamond_mine, mines2_lemuel
Orc:2:    st_orc_open, layout_caves, gammafunk_ghost_berserking_beasts
Elf:1:    layout_loops_corners, orc_legates, st_stairs_3, corexii_checkpoint_a
Elf:2:    layout_geoelf_diagonals
Elf:3:    grunt_elf_hall_spiral, layout_geoelf_grid, serial_shops,
          shop_fountains, item_on_display_a
Vaults:1: hangedman_vaults_slice, vaults_room_door_hall, v_alt_pattern_1,
          hangedman_vaults_trim, layout_vaults_omnigrid
Vaults:2: ontoclasm_vaults_claustrophobia, minmay_crypt_entry_simple_round,
          nicolae_vaults_circle_grid_b, nicolae_vaults_big_ls,
          grunt_vaults_hallway_long, v_misc_10, st_squares, v_misc_17,
          grunt_vaults_twisty, vaults_dpeg_encased_lava,
          nicolae_vaults_border_crossing, layout_vaults_big_room
Vaults:3: v_misc_19, hangedman_vaults_slither, hangedman_vaults_variations,
          v_alt_pattern_6, vaults_room_door_hall, ontoclasm_vaults_fault,
          v_misc_1, grunt_vaults_diagonal, hangedman_vaults_capsules,
          ontoclasm_vaults_ring_small, layout_vaults_maze_bifur, serial_shops,
          shop, shop, shop
Vaults:4: nicolae_vaults_asterisk, vaults_mumra_hex, ontoclasm_vaults_pinch,
          v_alt_pattern_2, hangedman_vaults_nails, vaults_dpeg_diagonal,
          nicolae_vaults_statue_guard, vaults_dpeg_ring,
          vaults_standard_mumra_lines, layout_vaults_big_cross, uniq_mennas
Vaults:5: serial_shops
Crypt:1:  layout_chaotic_city, st_stairs_5, grunt_ministairs_2, hex_medium,
          grunt_crypt_arrival_webbed
Crypt:2:  layout_chaotic_city, small_statue_intersection
Crypt:3:  due_elkab, layout_chaotic_city, uniq_frederick
Tomb:1
Tomb:2
Tomb:3
Depths:1: layout_gridville, hell_entry, minmay_splitting_lines,
          kennysheep_generic_room_12, grunt_megastairs_5, serial_bayou_shore_a,
          minmay_shop_star
Depths:2: minmay_inner_zag, layout_honeycomb, kennysheep_another_room,
          minmay_room_of_horrors, grunt_hell_entry_dis_grunt,
          minmay_staircase_bubble
Depths:3: hangedman_pleasuredromes, hell_entry, pan_entry, serial_shops
Depths:4: kennysheep_large_vault, layout_cave_pools, abyss_entry_flame_altar,
          hell_entry, minmay_misc_feat_hallway, serial_sigils,
          serial_sigils_hangedman_etch, serial_sigils_hangedman_quiver,
          serial_sigils_hangedman_leer, serial_bayou_crossing
Depths:5: grunt_zot_entry_bicorn, layout_cave_shapes, grunt_metal_band,
          ebering_ghost_inner_flame, minmay_crystal_room
Hell
Dis:1:    layout_jigsaw
Dis:2:    layout_chaotic_city
Dis:3:    layout_regular_city
Dis:4:    layout_gridville
Dis:5:    layout_gridville, hangedman_player_shredder
Dis:6:    layout_overlapping_boxes
Dis:7:    iron_city_of_dis [dis_mu, dis_wall_3], layout_chaotic_city
Geh:1:    layout_gehenna_lava_caves
Geh:2:    layout_gehenna_pools_basic
Geh:3:    layout_gehenna_pools_basic, grunt_megastairs_3
Geh:4:    layout_gehenna_lava_caves
Geh:6:    layout_gehenna_pools_basic, nicolae_geh_single_fiery_grave
Geh:7:    geh_grunt_pentagon
Coc:1:    layout_ice_bergs
Coc:2:    layout_ice_bergs
Coc:3:    layout_cocytus_water_paths
Coc:4:    layout_ice_bergs
Coc:5:    layout_cocytus_delve
Coc:6:    layout_ice_bergs
Coc:7:    coc_grunt
Tar:1:    layout_cathedral_of_symmetry
Tar:2:    layout_catacombs
Tar:3:    layout_catacombs
Tar:4:    layout_grid_maze
Tar:5:    layout_honeycomb
Tar:6:    layout_cathedral_of_symmetry
Tar:7:    tar_grunt_cathedral
Zot:1:    layout_misc_corridors
Zot:2:    layout_misc_corridors
Zot:3:    layout_twisted_circle, ebering_ghost_rock_garden
Zot:4:    minmay_elemental_castle, layout_concentric_octagons, st_stairs_6,
          zot_minivault_8, lemuel_elevator
Zot:5:    layout_misc_corridors

Skill      XL: |  1  2  3  4  5  6  7  8  9 10 11 12 13 14 15 16 17 18 19 20 21 22 23 24 25 26 27 |
---------------+----------------------------------------------------------------------------------+-----
Dodging        | 1 2 9 10 11 12 13 16 | 16.3
Fighting       | 4 5 7 9 10 11 12 13 14 15 16 17 18 19 20 21 27 | 27.0
Maces & Flails | 3 4 6 8 9 10 11 12 13 14 15 17 19 | 19.4
Invocations    | 3 5 7 8 9 10 11 12 13 14 16 17 18 20 27 | 27.0
Armour         | 4 9 10 12 13 14 17 19 20 21 | 21.0
Shields        | 4 9 10 12 13 14 16 17 23 | 23.2
Evocations     | 3 6 8 9 16 | 16.3
Throwing       | 2 3 5 9 |  9.6
Spellcasting   | 5 6 7 10 16 | 16.7
Translocations | 5 6 |  6.1
Stealth        | 26 | 26.6
Conjurations   | 23 | 23.9
Ice Magic      | 13 | 13.3
Air Magic      | 11 | 11.4
Earth Magic    | 14 | 14.7
Fire Magic     | 24 | 24.0

Action                   |  1- 3 |  4- 6 |  7- 9 | 10-12 | 13-15 | 16-18 | 19-21 | 22-24 | 25-27 || total
-------------------------+-------+-------+-------+-------+-------+-------+-------+-------+-------++-------
Melee: Flail             |    65 |       |   384 |   664 |   679 |       |       |       |       ||  1792
       Mace              |    61 |    21 |       |       |       |   727 |       |       |       ||   809
       Morningstar       |       |   241 |       |       |       |       |       |       |       ||   241
       Headbutt          |       |       |    20 |       |       |       |    59 |   369 |  2241 ||  2689
       Eveningstar       |       |       |       |       |   838 |  1294 |   999 |   478 |   115 ||  3724
       Peck              |       |       |       |       |       |       |    55 |   354 |  2755 ||  3164
       Sacred scourge    |       |       |       |       |       |       |       |   510 |  8334 ||  8844
Throw: Javelin           |       |       |       |       |       |       |       |       |     6 ||     6
 Cast: Lesser Beckoning  |       |       |       |       |       |       |     5 |    24 |   155 ||   184
       Apportation       |       |       |       |       |       |       |       |     1 |    21 ||    22
       Freezing Cloud    |       |       |       |       |       |       |       |       |    54 ||    54
       Fire Storm        |       |       |       |       |       |       |       |       |    25 ||    25
       Starburst         |       |       |       |       |       |       |       |       |    12 ||    12
       Passwall          |       |       |       |       |       |       |       |       |     8 ||     8
Invok: Bend Time         |       |       |       |     1 |       |       |       |       |       ||     1
       Slouch            |       |       |       |       |     3 |     5 |     2 |       |    25 ||    35
       Step From Time    |       |       |       |       |       |       |     1 |       |     9 ||    10
 Abil: Evoke Flight      |       |       |       |     2 |       |       |       |       |       ||     2
       Fly               |       |       |       |       |       |     3 |       |     1 |     4 ||     8
       Stop Flying       |       |       |       |       |       |     2 |     1 |     1 |     4 ||     8
       Blink             |       |       |       |       |       |       |       |     3 |    18 ||    21
Evoke: Wand              |       |       |     3 |     5 |     2 |    10 |     5 |       |    54 ||    79
       Phantom mirror    |       |       |       |       |       |       |       |       |     5 ||     5
       Figurine of a zig |       |       |       |       |       |       |       |       |     1 ||     1
  Use: Scroll            |     3 |     2 |     5 |     7 |    13 |    16 |    21 |     8 |   111 ||   186
       Potion            |       |     1 |     1 |     4 |       |     1 |    12 |     1 |    82 ||   102
 Stab: Distracted        |       |       |       |       |       |     1 |     1 |       |    55 ||    57
       Held in net/web   |       |       |       |       |       |     2 |       |       |     1 ||     3
       Confused          |       |       |       |       |       |       |     2 |       |       ||     2
       Sleeping          |       |       |       |       |       |       |     1 |       |    71 ||    72
       Invisible         |       |       |       |       |       |       |       |       |    17 ||    17
  Eat: Chunk             |     1 |     9 |    13 |     7 |    25 |    13 |    14 |     7 |    15 ||   104
       Ration            |       |       |       |     1 |       |     3 |     1 |     2 |    35 ||    42
Armor: Scale mail        |    72 |   147 |   108 |       |       |       |       |       |       ||   327
       Ring mail         |    24 |       |       |       |       |       |       |       |       ||    24
       Leather armour    |       |       |   119 |    49 |       |       |       |       |       ||   168
       Crystal plate arm |       |       |       |   355 |   693 |  1004 |     4 |       |       ||  2056
       Fire dragon scale |       |       |       |       |       |       |   264 |   273 |  1943 ||  2480
Dodge: Dodged            |    46 |   109 |   154 |    79 |   591 |  1094 |   528 |   519 |  3838 ||  6958
Block: Kite shield       |    88 |   153 |   233 |    63 |       |       |       |       |       ||   537
       Tower shield      |       |       |       |   530 |  1999 |  3088 |  1054 |  1153 |  8536 || 16360
       Reflection        |       |       |       |       |       |     7 |       |       |       ||     7
